 Dungeon Crawl Stone Soup version 0.30-a0-802-gb92711bcdf (webtiles) character file.

Game seed: 14478141552635454427

12876942 juan097 the Conqueror (level 27, 273/273 HPs)
             Began as a Hill Orc Berserker on Feb 22, 2023.
             Was the Champion of Zin.
             Escaped with the Orb
             ... and 15 runes on Feb 23, 2023!
             The game lasted 08:31:04 (125285 turns).

juan097 the Conqueror (Hill Orc Berserker)        Turns: 125285, Time: 08:31:05

Health: 273/273    AC: 66    Str: 41    XL:     27
Magic:  40/40      EV: 15    Int: 14    God:    Zin [******]
Gold:   10797      SH: 32    Dex: 11    Spells: 24/46 levels left

rFire   + . .      SeeInvis +    a - +5 consecrated labrys {holy, Valiant Fragile Fly SInv}
rCold   + . .      Faith    .    s - +8 tower shield {AC+3}
rNeg    + + +      Spirit   .    R - +12 gold dragon scales
rPois   +          Reflect  .    A - +0 helmet of Lethargy {+Inv rElec Will- Str+5}
rElec   +          Harm     .    e - +4 dragonskin cloak
rCorr   +          Rampage  .    S - +3 pair of gloves "Jagguyt" {rF- Will+++ Regen+}
Will    +++++                    z - +2 pair of boots {Stlth+}
Stlth   +                        t - macabre finger necklace {Finger+ rN+}
HPRegen 1.45/turn                V - ring of positive energy
MPRegen 0.27/turn                h - ring "Goewnie" {+Blink rF+ rN+ AC+4 Int+4}
                                 Q - ring "Napoxt" {Will+ rCorr AC+4 Int+4 Stlth+}

@: flying, studying 3 skills
A: deterioration 1, mutation resistance 1, strong 1
0: Orb of Zot
}: 15/15 runes: decaying, serpentine, slimy, silver, golden, iron, obsidian,
icy, bone, abyssal, demonic, glowing, magical, fiery, dark
a: Renounce Religion, Evoke Blink, Evoke Invisibility, Recite, Vitalisation,
Imprison, Sanctuary, Donate Gold


You escaped.
You worshipped Zin.
Zin was exalted by your worship.
You visited 18 branches of the dungeon, and saw 88 of its levels.
You visited Pandemonium 2 times, and saw 20 of its levels.
You visited the Abyss 3 times.
You visited 1 ziggurat, and saw 18 of its levels.
You also visited: Sewer, Ossuary and Ice Cave.

You collected 21004 gold pieces.
You spent 7889 gold pieces at shops.
You donated 2318 gold pieces to Zin.

Inventory:

Hand Weapons
 a - the +5 consecrated labrys (weapon) {holy, Valiant Fragile Fly SInv}
   (Trog gifted it to you on level 5 of the Vaults)

   Valiant:   It becomes more powerful as more dangerous foes come into view.
   SInv:      It lets you see invisible.
   Fly:       It grants you flight.
   Fragile:   It will be destroyed if unequipped.
 b - a +9 heavy broad axe
Missiles
 n - 25 silver javelins (quivered)
 r - 19 boomerangs
 y - 7 boomerangs of dispersal
 M - 10 javelins
 N - 2 silver boomerangs
Armour
 e - the +4 dragonskin cloak (worn)
   (You took it off Tiamat on level 2 of the Realm of Zot)

   Avatar's Aegis: It grants the wearer a chance to resist fire, cold, poison,
   electricity, acid, and negative energy.
 s - a +8 tower shield of protection (worn)
 z - a +2 pair of boots of stealth (worn)
 A - the +0 helmet of Lethargy (worn) {+Inv rElec Will- Str+5}
   (You found it on level 5 of the Realm of Zot)

   Str:       It affects your strength (+5).
   rElec:     It insulates you from electricity.
   +Inv:      It lets you turn invisible.
   Will:      It decreases your willpower.
 R - +12 gold dragon scales (worn)
 S - the +3 pair of gloves "Jagguyt" (worn) {rF- Will+++ Regen+}
   (You acquired it on level 4 of the Lair of Beasts)

   rF:        It makes you vulnerable to fire.
   Regen:     It increases your rate of health regeneration.
   Will:      It greatly increases your willpower.
Jewellery
 h - the ring "Goewnie" (right hand) {+Blink rF+ rN+ AC+4 Int+4}
   (You took it off a tengu reaver on level 5 of the Vaults)

   [ring of protection]

   AC:        It affects your AC (+4).
   Int:       It affects your intelligence (+4).
   rF:        It protects you from fire.
   rN:        It protects you from negative energy.
   +Blink:    It lets you blink.
 k - the ring "Wijiu" {Fire rPois rCorr Int+2 Dex-3}
   (You found it in Pandemonium)

   [ring of fire]

   It enhances your fire magic.
   Int:       It affects your intelligence (+2).
   Dex:       It affects your dexterity (-3).
   rF:        It protects you from fire.
   rC:        It makes you vulnerable to cold.
   rPois:     It protects you from poison.
   rCorr:     It protects you from acid and corrosion.
 m - the amulet "Ipeamel" {Reflect rPois Dex+8 SH+5}
   (You found it on level 12 of a ziggurat)

   [amulet of reflection]

   It reflects blocked missile attacks.
   Dex:       It affects your dexterity (+8).
   rPois:     It protects you from poison.
   SH:        It affects your SH (+5).
 t - the macabre finger necklace (around neck) {Finger+ rN+}
   (You found it on level 7 of Tartarus)

   [amulet of nothing]

   Finger+:   It enables you to equip an extra ring.
   rN:        It protects you from negative energy.
 w - the ring of the Illusory Knives {Fire rPois Str-4 Dex+8 SInv}
   (You found it on level 3 of the Crypt)

   [ring of fire]

   It enhances your fire magic.
   Str:       It affects your strength (-4).
   Dex:       It affects your dexterity (+8).
   rF:        It protects you from fire.
   rC:        It makes you vulnerable to cold.
   rPois:     It protects you from poison.
   SInv:      It lets you see invisible.
 H - the ring "Ifaeca" {rPois rF+ Int-3 Dex+7 Slay+3}
   (You found it on level 3 of the Tomb of the Ancients)

   [ring of protection from fire]

   Int:       It affects your intelligence (-3).
   Dex:       It affects your dexterity (+7).
   Slay:      It affects your accuracy & damage with ranged weapons and melee
   (+3).
   rF:        It protects you from fire.
   rPois:     It protects you from poison.
 L - the ring "Anwo Durr" {rPois rC+ Will++ rCorr Int-3}
   (You found it on level 11 of a ziggurat)

   [ring of resist corrosion]

   Int:       It affects your intelligence (-3).
   rC:        It protects you from cold.
   rPois:     It protects you from poison.
   rCorr:     It protects you from acid and corrosion.
   Will:      It greatly increases your willpower.
 Q - the ring "Napoxt" (on amulet) {Will+ rCorr AC+4 Int+4 Stlth+}
   (You found it in Pandemonium)

   [ring of protection]

   AC:        It affects your AC (+4).
   Int:       It affects your intelligence (+4).
   rCorr:     It protects you from acid and corrosion.
   Will:      It increases your willpower.
   Stlth:     It makes you more stealthy.
 V - a ring of positive energy (left hand)
 Z - the ring "Fegosas" {Drain rC++ rCorr Str+5, =R}
   (You took it off a deep elf demonologist on level 3 of the Elven Halls)

   [ring of resist corrosion]

   Str:       It affects your strength (+5).
   rC:        It greatly protects you from cold.
   rCorr:     It protects you from acid and corrosion.
   Drain:     It drains your maximum health when unequipped.
Wands
 p - a wand of light (18)
 D - a wand of digging (16)
 J - a wand of roots (11)
Scrolls
 f - 5 scrolls of enchant weapon
 g - 10 scrolls of fog
 i - 3 scrolls of magic mapping
 j - 9 scrolls of amnesia
 o - 3 scrolls of silence
 G - 5 scrolls of summoning
 O - 33 scrolls of teleportation
 X - 2 scrolls of enchant armour
Potions
 d - 13 potions of cancellation
 l - 36 potions of curing
 q - a potion of haste
 u - 9 potions of heal wounds
 v - 2 potions of magic
 B - 2 potions of might
 C - 8 potions of invisibility
 E - 17 potions of attraction
 F - 6 potions of berserk rage
 I - 2 potions of resistance
 K - 4 potions of ambrosia
 U - 2 potions of mutation
 W - 14 potions of brilliance
Miscellaneous
 c - a phial of floods
 x - a lightning rod (4/4)
 P - a phantom mirror
 T - a figurine of a ziggurat
 Y - a tin of tremorstones (2/2)


   Skills:
 O Level 27 Fighting
 O Level 27 Axes
 - Level 4.0 Ranged Weapons
 - Level 25.0 Throwing
 - Level 25.7 Armour
 - Level 18.0 Dodging
 - Level 16.0 Stealth
 O Level 27 Shields
 - Level 10.0 Spellcasting
 * Level 18.3 Hexes
 - Level 17.0 Translocations
 - Level 17.0 Air Magic
 O Level 27 Invocations
 - Level 22.9 Evocations


You had 24 spell levels left.
You knew the following spells:

 Your Spells              Type           Power      Damage    Failure   Level
a - Apportation           Tloc           100%       N/A       1%          1
b - Vhi's Electric Charg  Tloc/Air       100%       N/A       1%          3
c - Blink                 Tloc           100%       N/A       1%          2
d - Swiftness             Air            53%        N/A       1%          3
e - Manifold Assault      Tloc           53%        N/A       1%          4
f - Passage of Golubria   Tloc           53%        N/A       1%          4
g - Silence               Hex/Air        27%        N/A       1%          5

Your spell library contained the following spells:

 Spells                   Type           Power      Damage    Failure   Level
 Slow                     Hex            100%       N/A       1%          1
 Ensorcelled Hibernation  Hex/Ice        64%        N/A       1%          2
 Lesser Beckoning         Tloc           100%       N/A       1%          2
 Momentum Strike          Conj/Tloc      60%        3d9       1%          2
 Poisonous Vapours        Pois/Air       60%        N/A       1%          2
 Static Discharge         Conj/Air       60%        2-5/arc   1%          2
 Confusing Touch          Hex            55%        N/A       1%          3
 Gell's Gravitas          Tloc           53%        N/A       1%          3
 Kindle Blastsparks       Fire/Tloc/Air  76%        2d16      1%          3
 Portal Projectile        Hex/Tloc       100%       N/A       1%          3
 Teleport Other           Tloc           53%        N/A       1%          3
 Tukima's Dance           Hex            55%        N/A       1%          3
 Airstrike                Air            26%        2d(4-20)  1%          4
 Cause Fear               Hex            27%        N/A       1%          4
 Dazzling Flash           Conj/Hex       64%        N/A       2%          3
 Inner Flame              Hex/Fire       32%        N/A       2%          3
 Summon Guardian Golem    Hex/Summ       32%        N/A       2%          3
 Dispersal                Tloc           26%        N/A       5%          6
 Cigotuvi's Dreadful Rot  Necr/Pois/Air  44%        N/A       6%          2
 Anguish                  Hex/Necr       16%        N/A       9%          4
 Fulminant Prism          Conj/Hex       16%        3d10      9%          4
 Leda's Liquefaction      Hex/Erth       16%        N/A       9%          4
 Mephitic Cloud           Conj/Pois/Air  22%        N/A       12%         3
 Iskenderun's Mystic Bla  Conj/Tloc      30%        2d8       12%         4
 Summon Lightning Spire   Summ/Air       30%        N/A       12%         4
 Enfeeble                 Hex            27%        N/A       19%         7
 Metabolic Englaciation   Hex/Ice        16%        N/A       26%         5
 Summon Mana Viper        Hex/Summ       32%        N/A       26%         5
 Yara's Violent Unravell  Hex/Tmut       16%        3d8       26%         5
 Arcjolt                  Conj/Air       15%        1d25      32%         5
 Lightning Bolt           Conj/Air       15%        1d29      32%         5
 Summon Forest            Summ/Tloc      15%        N/A       32%         5
 Beastly Appendage        Tmut           14%        N/A       36%         1
 Foxfire                  Conj/Fire      28%        2x1d5     36%         1
 Freeze                   Ice            28%        1d5       36%         1
 Kiss of Death            Conj/Necr      28%        2d7       36%         1
 Necrotise                Necr           28%        1d5       36%         1
 Sandblast                Erth           14%        2d6       36%         1
 Sting                    Tmut/Pois      28%        1d4       36%         1
 Summon Small Mammal      Summ           28%        N/A       36%         1
 Call Imp                 Summ           7%         N/A       52%         2
 Passwall                 Tmut/Erth      5%         N/A       52%         2
 Scorch                   Fire           14%        2d5       52%         2
 Sublimation of Blood     Necr           7%         N/A       52%         2
 Wereblood                Tmut           7%         N/A       52%         2
 Freezing Cloud           Conj/Ice/Air   11%        6-21      73%         5
 Call Canine Familiar     Summ           7%         N/A       75%         3
 Frozen Ramparts          Ice            14%        1d3       75%         3
 Hailstorm                Conj/Ice       7%         3d4       75%         3
 Ignite Poison            Fire/Tmut/Pois 7%         N/A       75%         3
 Spider Form              Tmut/Pois      7%         N/A       75%         3
 Stone Arrow              Conj/Erth      14%        3d7       75%         3
 Vampiric Draining        Necr           7%         2d6       75%         3
 Discord                  Hex            27%        N/A       80%         8
 Conjure Ball Lightning   Conj/Air       15%        3x3d6     88%         6
 Disjunction              Tloc           26%        N/A       94%         8
 Maxwell's Capacitive Co  Air            26%        ∞         94%         8
 Animate Armour           Summ/Erth      14%        N/A       98%         4
 Animate Dead             Necr           7%         N/A       98%         4
 Dispel Undead            Necr           7%         3d8       98%         4
 Flame Wave               Conj/Fire      7%         2d5       98%         4
 Ice Form                 Ice/Tmut       7%         N/A       98%         4
 Olgreb's Toxic Radiance  Pois           7%         N/A       98%         4
 Petrify                  Tmut/Erth      7%         N/A       98%         4
 Sticky Flame             Conj/Fire      7%         2d3       98%         4
 Summon Ice Beast         Ice/Summ       7%         N/A       98%         4
 Agony                    Necr           7%         N/A       100%        5
 Alistair's Intoxication  Tmut/Pois      4%         N/A       100%        5
 Blade Hands              Tmut           3%         N/A       100%        5
 Borgnjor's Vile Clutch   Necr/Erth      3%         N/A       100%        5
 Fireball                 Conj/Fire      3%         3d4       100%        5
 Irradiate                Conj/Tmut      3%         3d12      100%        5
 Iskenderun's Battlesphe  Conj           7%         2d6       100%        5
 Lee's Rapid Deconstruct  Erth           3%         3d5*      100%        5
 Death Channel            Necr           3%         N/A       100%        6
 Eringya's Noxious Bog    Tmut/Pois      3%         N/A       100%        6
 Iron Shot                Conj/Erth      3%         9d2       100%        6
 Simulacrum               Ice/Necr       3%         N/A       100%        6
 Starburst                Conj/Fire      3%         6d3       100%        6
 Statue Form              Tmut/Erth      4%         N/A       100%        6
 Summon Cactus Giant      Summ           3%         N/A       100%        6
 Dragon Form              Tmut           3%         N/A       100%        7
 Haunt                    Necr/Summ      3%         N/A       100%        7
 Malign Gateway           Summ/Tloc      15%        N/A       100%        7
 Monstrous Menagerie      Summ           3%         N/A       100%        7
 Ozocubu's Refrigeration  Ice            3%         4d8       100%        7
 Spellforged Servitor     Conj/Summ      3%         N/A       100%        7
 Storm Form               Tmut/Air       15%        N/A       100%        7
 Summon Hydra             Summ           3%         N/A       100%        7
 Borgnjor's Revivificati  Necr           3%         N/A       100%        8
 Ignition                 Fire           3%         3d4       100%        8
 Infestation              Necr           3%         N/A       100%        8
 Lehudib's Crystal Spear  Conj/Erth      3%         10d3      100%        8
 Necromutation            Tmut/Necr      3%         N/A       100%        8
 Summon Horrible Things   Summ           3%         N/A       100%        8
 Death's Door             Necr           3%         N/A       100%        9
 Dragon's Call            Summ           3%         N/A       100%        9
 Polar Vortex             Ice            3%         N/A       100%        9


Dungeon Overview and Level Annotations

Branches:
Dungeon (15/15)            Temple (1/1) D:4            Lair (5/5) D:11
  Swamp (4/4) Lair:3        Snake (4/4) Lair:3        Slime (5/5) Lair:5
    Orc (2/2) D:10            Elf (3/3) Orc:2        Vaults (5/5) D:13
  Crypt (3/3) Vaults:3       Tomb (3/3) Crypt:3      Depths (4/4) D:15
   Hell (visited)             Dis (7/7) Hell            Geh (7/7) Hell
    Coc (7/7) Hell            Tar (7/7) Hell            Zot (5/5) Depths:4
  Sewer (visited)         Ossuary (visited)           IceCv (visited)

Altars:
Ashenzari
Cheibriados
Dithmenos
Elyvilon
Fedhas
Gozag
Hepliaklqana
Kikubaaqudgha
Makhleb
Nemelex Xobeh
Okawaru
Qazlal
Ru
Sif Muna
Trog
Uskayaw
Vehumet
Wu Jian
Xom
Yredelemnul
Zin
The Shining One
Beogh
Jiyva
Lugonu

Shops:
D:12 *   Orc:2 ?(?   Snake:1 !??   Snake:2 [   Snake:3 [   Vaults:1 (
Vaults:2 *   Depths:2 !   Depths:4 :=:

Portals:
Hell: Depths:1 Depths:2 Depths:3 Depths:4
Abyss: Lair:5 Depths:3 Depths:4
Pandemonium: Depths:2 Depths:3 Depths:4


Innate Abilities, Weirdness & Mutations

Your body sometimes deteriorates upon taking damage.
You are somewhat resistant to further mutation.
Your muscles are strong. (Str +4, Int/Dex -1)


Message History

An Executioner and 2 large abominations come into view.
The Executioner moves out of view.
The Executioner gestures.
The Executioner seems to speed up.
Casting: Vhi's Electric Charge (safe; 1% risk of failure)
Confirm with . or Enter, or press ? or * to list all spells.
Charge where?
Press: ? - help, Dir - move target, f - large abomination
Aim: a large abomination (97% to hit)
You charge forward with an electric crackle!
You barely miss the large abomination. You block the Executioner's attack. x3
The large abomination completely misses you.
The Executioner hits you!
The Executioner hits you but does no damage. x2
You slice the Executioner like a ripe choko!!!
The Executioner convulses!!
You kill the Executioner!
You completely miss the large abomination.
You barely miss the large abomination.
The large abomination hits you but does no damage.
You block the large abomination's attack.
You open the large abomination like a pillowcase!!!
The large abomination convulses!!
You destroy the large abomination!
Zin accepts your kill.
You slice the large abomination!!
The large abomination convulses!!
You barely miss the large abomination.
The large abomination is almost destroyed.
You block the large abomination's attack.
You slice the large abomination!!
You destroy the large abomination!
Zin accepts your kill.
A soul eater comes into view.
A soul eater is nearby!
The soul eater moves out of view.
A reaper comes into view.
It is wielding a +3 scythe of protection.
The reaper moves out of view.
There is an open gate here.
There is a staircase leading out of the dungeon here.
You have escaped!

#....# ##2''##
##8...8## ##.......##
♣#####.........#####♣
♣.......8...8.......♣
♣♣.................♣♣
♣................♣♣
♣♣♣♣♣..8.@.8....♣♣
♣♣♣.......♣♣♣
♣♣♣.♣♣♣♣♣ ♣♣♣


You could see a reaper.

Vanquished Creatures
  Cerebov (Pan)
  Asmodeus (Geh:7)
  Antaeus (Coc:7)
  Dissolution (Slime:1)
  Ereshkigal (Tar:7)
  A seraph (Pan)
  Gloorx Vloq (Pan)
  Lom Lobon (Pan)
  the Serpent of Hell (Dis:7)
  Mnoleg (Pan)
  Dispater (Dis:7)
  6 dread liches
  Tiamat (Zot:2)
  9 ancient liches
  3 orbs of fire (Zot:5)
  3 juggernauts
  The ghost of Benajun the Slayer, a veteran OgBe of Trog (Zot:5)
  35 royal mummies
  17 Killer Klowns
  3 shard shrikes (Coc:6)
  Bai Suzhen (Elf:3)
  Margery (Depths:3)
  2 curse toes
  52 caustic shrikes
  Geryon (Hell)
  Nikola (Depths:1)
  2 pearl dragons (Pan)
  13 profane servitors
  19 bone dragons
  13 golden dragons
  11 doom hounds
  23 pandemonium lords
  36 Tzitzimimeh
  15 Brimstone Fiends
  20 iron giants
  4 electric golems
  Rupert (D:14)
  A spectral shard shrike (Tar:3)
  21 tainted leviathans
  Mlioglotl (Snake:1)
  27 Hell Sentinels
  26 tentacled monstrosities
  28 Orb Guardians
  31 Ice Fiends
  11 liches
  21 hellephants
  8 titans
  A quicksilver dragon (shapeshifter) (Zig:12)
  9 deep elf master archers
  10 quicksilver dragons
  A walking divine tome (Depths:1)
  Frances (Elf:1)
  27 Executioners
  5 deep elf blademasters
  19 acid blobs
  A walking frostbound tome (Depths:3)
  13 sphinxes
  20 searing wretches
  39 ancient champions
  2 sphinxes (shapeshifter) (Zig:12)
  2 thorn hunters
  11 death cobs
  Murray (Depths:4)
  21 storm dragons
  5 draconian monks
  11 tentacled starspawn
  14 shadow dragons
  7 demonspawn warmongers
  8 rockslimes
  2 fenstrider witches (shapeshifter) (Zig:13)
  11 narguns
  7 azure jellies
  9 tengu reavers
  2 azure jellies (shapeshifter)
  5 nagarajas
  6 revenants
  3 fenstrider witches
  15 frost giants
  22 daevas
  5 draconian knights
  8 deep elf sorcerers
  A spectral caustic shrike (Tar:6)
  5 curse skulls
  16 vault wardens
  29 fire giants
  4 iron dragons
  A spectral juggernaut (Tar:3)
  7 draconian scorchers
  9 quicksilver elementals
  Aizul (Depths:1)
  37 balrugs
  5 shard shrike simulacra
  4 ghost moths
  26 angels (Pan)
  9 draconian shifters
  21 war gargoyles
  8 ghouls
  5 draconian stormcallers
  32 cacodemons
  17 ironbound preservers
  2 orc warlords
  A caustic shrike skeleton (Abyss:3)
  A spriggan defender (Depths:2)
  15 ophanim
  38 stone giants
  4 quicksilver oozes (Slime:5)
  13 demonspawn corrupters
  11 draconian annihilators
  6 demonspawn blood saints (Pan)
  29 very ugly things
  2 stone giants (shapeshifter)
  16 reapers
  6 ironbound thunderhulks
  14 vampire knights
  20 green draconians
  3 eleionomae
  2 starflowers (Abyss:3)
  31 apis (Pan)
  12 lorocyprocas
  32 elemental wellsprings
  16 deep elf annihilators
  27 putrid mouths
  11 dire elephants
  14 red draconians
  2 eleionomae (shapeshifter)
  10 demonspawn black suns
  13 wendigos
  13 yellow draconians
  14 deep elf demonologists
  4 bunyips
  13 white draconians
  14 black draconians
  A spectral titan (Tar:5)
  9 purple draconians
  12 spark wasps
  14 eidola
  A spectral quicksilver dragon (Tar:3)
  23 iron golems
  25 mummy priests
  18 blizzard demons
  3 crystal guardians
  4 merfolk javelineers
  23 green deaths
  A spectral golden dragon (Tar:1)
  11 deep elf death magi
  Josephine (Orc:2)
  9 ettins
  10 fire dragons
  A spectral fenstrider witch (Tar:1)
  7 deep elf high priests
  4 jiangshi
  3 spectral spriggans
  19 yaktaur captains
  Harold (Orc:2)
  21 hydras
  A fenstrider witch zombie (Tomb:1)
  10 ice dragons
  A spriggan zombie (Crypt:2)
  An entropy weaver (Vaults:4)
  An entropy weaver (shapeshifter) (Lair:5)
  13 great orbs of eyes
  An ice dragon (shapeshifter) (Vaults:4)
  34 vault guards
  6 ironbound frosthearts
  A catoblepas (Lair:4)
  13 rakshasas
  An alligator snapping turtle (shapeshifter) (Zig:10)
  3 peacekeepers
  6 caustic shrike simulacra
  7 salamander tyrants
  3 spriggan air magi
  2 ogre magi
  2 juggernaut simulacra
  2 ghost crabs
  A merfolk aquamancer (Zig:14)
  2 death knights
  12 anacondas
  2 spriggan skeletons
  A spectral stone giant (Tar:1)
  7 hell beasts
  10 centaur warriors
  The ghost of barkas the Grappler, a novice AtCA of Qazlal (D:9)
  45 hell hogs
  8 stokers
  An alligator snapping turtle (Zig:14)
  An anaconda (shapeshifter) (Depths:2)
  9 two-headed ogres
  5 boulder beetles
  2 satyrs (Zig:16)
  31 dancing weapons
  A fenstrider witch skeleton (Crypt:2)
  4 deep troll shamans
  A jorogumo (shapeshifter) (Vaults:4)
  9 vampire magi
  8 alligators
  20 naga warriors
  96 death scarabs
  4 death yaks
  5 spriggan berserkers
  6 orc high priests
  10 naga sharpshooters
  A spectral storm dragon (Tar:1)
  9 deep troll earth magi
  10 shock serpents
  4 spectral dire elephants
  4 spectral nagas
  15 thrashing horrors
  30 soul eaters
  24 deep elf knights
  A fire crab (shapeshifter) (Elf:3)
  22 hell knights
  11 wretched stars
  60 sun demons
  8 crystal echidnas
  8 iron trolls
  7 salamander mystics
  27 sixfirhies
  A death drake (Swamp:4)
  44 skeletal warriors
  A spatial maelstrom (Abyss:3)
  4 goliath frogs (Swamp:1)
  36 shadow wraiths
  2 iron trolls (shapeshifter)
  7 quicksilver dragon simulacra
  A sea snake (Zig:14)
  A spectral anaconda (Tar:6)
  A glowing orange brain (shapeshifter) (Zig:5)
  2 spark wasp zombies (Zig:8)
  7 spriggan druids
  8 flayed ghosts
  54 deep trolls
  10 glowing orange brains
  4 naga ritualists
  An orb spider (Zot:2)
  14 cherubim (Pan)
  10 bog bodies
  4 bunyip zombies
  7 spriggan simulacra
  19 shadow demons (Pan)
  12 swamp dragons
  17 wizards
  16 orc knights
  12 phantasmal warriors
  9 lindwurms
  2 harpies (shapeshifter)
  2 harpies (Vaults:1)
  Pikel (D:6)
  18 ironbound convokers
  17 deep elf archers
  41 deep elf zephyrmancers
  12 mana vipers
  2 fenstrider witch simulacra (Coc:1)
  17 salamanders
  2 fauns (Zig:16)
  An oklob plant (Abyss:3)
  2 spectral ettins
  2 stone giant zombies
  16 necromancers
  A wolf spider (Zig:14)
  31 cyclopes
  A manticore (D:12)
  11 shining eyes
  2 human zombies
  A steelbarb worm (Zig:14)
  63 large abominations
  A faun (shapeshifter) (Zig:17)
  48 ugly things
  42 moths of wrath
  A shadow dragon skeleton (Tomb:2)
  37 deep elf pyromancers
  4 orc sorcerers
  An eleionoma zombie (Crypt:3)
  6 will-o-the-wisps
  3 worldbinders (Abyss:2)
  8 elephants
  A goliath frog skeleton (Crypt:1)
  A moth of wrath (shapeshifter) (Zig:13)
  A spectral alligator snapping turtle (Tar:3)
  2 stone giant skeletons (Crypt:2)
  A frost giant skeleton (Vaults:4)
  8 rust devils
  An iron dragon skeleton (Crypt:1)
  14 guardian serpents
  5 titan simulacra
  16 vault sentinels
  31 black mambas
  A water nymph (shapeshifter) (Zig:12)
  20 demonic crawlers
  6 eyes of devastation
  A torpor snail (shapeshifter) (Zig:12)
  2 ice statues (Hell)
  A centaur skeleton (Tomb:1)
  14 naga magi
  A water nymph (Zig:14)
  41 smoke demons
  3 cane toads (shapeshifter)
  A catoblepas zombie (Crypt:1)
  A torpor snail (Lair:5)
  5 apocalypse crabs
  31 orange demons (Pan)
  An alligator snapping turtle skeleton (Crypt:1)
  15 cane toads
  3 gargoyles
  An alligator snapping turtle zombie (Crypt:1)
  5 unseen horrors (Tar:7)
  An unseen horror zombie (D:9)
  2 naga skeletons (Pan)
  An unseen horror (shapeshifter) (Zig:13)
  A steelbarb worm zombie (Crypt:3)
  36 hellions
  8 komodo dragons
  13 efreet
  3 kobold demonologists
  A rime drake (shapeshifter) (Lair:5)
  2 rime drakes
  2 iron giant simulacra (Coc:7)
  A bunyip simulacrum (Hell)
  2 sea snake zombies (Hell)
  A tengu conjurer (D:12)
  4 ice devils
  35 yaktaurs
  A yaktaur (shapeshifter) (D:13)
  29 tormentors
  47 guardian mummies
  A minotaur skeleton (Crypt:3)
  2 yaktaur skeletons
  3 golden dragon simulacra
  3 spectral harpies
  A hydra zombie (Hell)
  11 freezing wraiths
  5 anaconda simulacra
  7 ancient zymes
  4 harpy zombies
  A bloated husk (Swamp:2)
  A tarantella (Zig:14)
  2 red devils (Pan)
  3 silent spectres
  8 polar bears
  12 trolls
  18 hellwings
  4 tyrant leeches
  A deep troll zombie (Vaults:4)
  13 raiju
  A merfolk (shapeshifter) (Zig:17)
  31 blink frogs
  Grinder (D:3)
  2 trolls (shapeshifter)
  14 hornets
  A shadow dragon simulacrum (Coc:1)
  2 hydra skeletons
  A wolf spider simulacrum (D:14)
  A jumping spider zombie (Crypt:2)
  A frost giant simulacrum (Vaults:5)
  11 dream sheep (Lair:5)
  6 harpy skeletons
  3 raiju (shapeshifter)
  2 iron dragon simulacra (Coc:2)
  A human simulacrum (Vaults:5)
  An ettin zombie (Vaults:4)
  2 stone giant simulacra
  An alligator zombie (Crypt:2)
  64 slime creatures
  4 centaur simulacra
  52 ynoxinuls
  A culicivora (Zig:14)
  2 slime creatures (shapeshifter)
  A black mamba zombie (Crypt:2)
  35 flying skulls
  A spectral black mamba (Tar:2)
  An ettin skeleton (Pan)
  5 air elementals
  13 wraiths
  16 spriggans
  9 humans (D:13)
  3 shadows
  3 wyverns
  15 dire elephant simulacra
  25 ushabtiu
  A wind drake zombie (Crypt:2)
  Grum (D:10)
  2 basilisks (Lair:1)
  7 fire elementals
  9 water elementals
  28 yaks
  24 golden eyes
  2 steam dragons
  30 neqoxecs
  A redback (Vaults:4)
  A black mamba skeleton (Crypt:2)
  48 chaos spawn
  2 vampire mosquitoes (D:13)
  A redback (shapeshifter) (Zig:17)
  15 swamp worms
  7 acid dragons
  28 harpy simulacra
  12 water moccasins
  43 nagas
  A spatial vortex (Abyss:3)
  8 hell hounds
  5 hydra simulacra
  A floating eye (Pan)
  5 sky beasts
  11 swamp drakes
  An ice beast (D:5)
  A meliai simulacrum (D:15)
  A manticore zombie (Crypt:3)
  13 black bears
  5 ettin simulacra
  2 hornet zombies (D:15)
  27 orc warriors
  2 alligator simulacra (IceCv)
  10 boggarts
  24 ogres
  4 wolves (D:10)
  3 centaurs
  17 starcursed masses
  A manticore skeleton (Crypt:3)
  A lemure (D:6)
  12 kobold brigands
  A salamander zombie (Crypt:1)
  7 bullfrogs
  A glowing shapeshifter simulacrum (Vaults:4)
  3 necrophages
  4 earth elementals
  2 gnoll sergeants (D:12)
  4 human skeletons
  A naga simulacrum (Coc:7)
  7 scorpions
  27 small abominations
  4 wights
  A lindwurm simulacrum (IceCv)
  7 killer bees
  A warg skeleton (Crypt:3)
  5 howler monkeys
  3 quasits
  A bullfrog zombie (Crypt:3)
  3 centaur zombies
  6 hounds
  2 jellies
  25 orc priests
  A gnoll bouda (D:8)
  3 iguanas
  3 iron imps
  Jessica (D:2)
  8 orc wizards
  A hell rat (D:11)
  An ice beast zombie (Crypt:3)
  59 mummies
  A howler monkey zombie (D:9)
  11 adders
  21 gnolls
  10 river rats
  A swamp drake zombie (Crypt:1)
  4 shadow imps
  2 white imps
  3 ufetubi
  2 iguana zombies (Crypt:2)
  A lava snake zombie (Crypt:3)
  A dart slug (D:2)
  73 orcs
  4 endoplasms
  7 giant cockroaches
  14 goblins
  6 hobgoblins
  7 jackals
  62 kobolds
  11 quokkas
  10 ball pythons
  5 bats
  A frilled lizard (Sewer)
  A gnoll zombie (Ossuary)
  3 goblin zombies (Ossuary)
  11 kobold skeletons (D:11)
  7 kobold zombies (D:11)
  2 orc zombies (Ossuary)
  23 rats
  A ball lightning (Pan)
  A briar patch (Zig:14)
  A butterfly (Zot:2)
  6 creeping infernos
  28 fire vortices
  2 lurking horrors
  24 pillars of salt
  16 starspawn tentacles
  2 tentacles (Hell)
4870 creatures vanquished.

Vanquished Creatures (collateral kills)
  the Royal Jelly (Slime:5)
  Mennas (Pan)
  Mara (D:15)
  A very ugly thing (D:15)
  An iron golem (Dis:5)
  An ice dragon (shapeshifter) (Zig:10)
  A death yak (shapeshifter) (Zig:10)
  2 orange crystal statues (IceCv)
  An ugly thing (D:15)
  An apocalypse crab (Zig:10)
  2 freezing wraiths (IceCv)
  A chaos spawn (Zig:10)
14 creatures vanquished.

Vanquished Creatures (others)
  A pandemonium lord (Zig:9)
  A golden dragon (Zot:2)
  A titan (Coc:7)
  An eldritch tentacle (Pan)
  2 balrugs
  2 wendigos (Coc:7)
  A yellow draconian (Zot:2)
  A merfolk javelineer (Zig:14)
  A kraken zombie (Hell)
  3 juggernaut simulacra
  2 caustic shrike simulacra
  A vault guard (D:13)
  A deep elf knight (Elf:3)
  A spriggan simulacrum (Coc:7)
  A shadow demon (Pan)
  2 deep elf zephyrmancers (Elf:2)
  A titan simulacrum (Coc:7)
  A bunyip simulacrum (Coc:1)
  A sea snake zombie (Hell)
  A tormentor (Pan)
  An anaconda simulacrum (Coc:7)
  A bloated husk (Zig:14)
  A stone giant simulacrum (Coc:1)
  A centaur simulacrum (Coc:1)
  An air elemental (Elf:2)
  A dire elephant simulacrum (Coc:7)
  3 water elementals
  A naga simulacrum (Coc:6)
  A fire elemental (Elf:2)
  A swamp worm (Swamp:4)
  A small abomination (Abyss:1)
  A fire dragon simulacrum (Coc:1)
  3 ettin simulacra
  A black mamba simulacrum (Coc:1)
  A boggart (Vaults:4)
  5 ball lightnings (Pan)
  7 briar patches (Zig:14)
  2 demonic plants (Abyss:3)
  A fire vortex (Geh:2)
  36 foxfires
  8 fungi
  A lurking horror (Abyss:3)
  114 pillars of salt
  26 plants
  19 starspawn tentacles
  6 tentacles (Hell)
270 creatures vanquished.

Grand Total: 5154 creatures vanquished

Notes
Turn   | Place    | Note
-------+----------+-------------------------------------------
     0 | D:1      | juan097 the Hill Orc Berserker began the quest for the Orb.
     0 | D:1      | Reached XP level 1. HP: 19/19 MP: 1/1
   191 | D:1      | Reached XP level 2. HP: 19/27 MP: 2/2
   528 | D:2      | Noticed Jessica
   562 | D:1      | Reached skill level 1 in Stealth
   562 | D:1      | Reached XP level 3. HP: 23/33 MP: 3/3
   639 | D:2      | Reached skill level 5 in Axes
   681 | D:2      | Reached ** piety under Trog
   714 | D:2      | Killed Jessica
   715 | D:2      | Reached XP level 4. HP: 37/40 MP: 4/4
  1062 | D:1      | Reached XP level 5. HP: 34/47 MP: 5/5
  1321 | D:2      | Found Rosesoof's Distillery.
  1329 | D:2      | Bought a potion of curing for 33 gold pieces
  1329 | D:2      | Bought a potion of degeneration for 11 gold pieces
  1740 | D:3      | Reached skill level 5 in Fighting
  1821 | D:3      | Reached XP level 6. HP: 56/56 MP: 6/6
  2139 | D:3      | Noticed Grinder
  2168 | D:3      | Killed Grinder
  2169 | D:3      | Reached skill level 1 in Ranged Weapons
  2169 | D:3      | Reached XP level 7. HP: 48/61 MP: 7/7
  2710 | D:4      | Found a glowing drain.
  2740 | Sewer    | Entered a sewer
  2759 | Sewer    | Reached *** piety under Trog
  3877 | D:4      | Reached XP level 8. HP: 70/70 MP: 8/8
  4003 | D:4      | Found a staircase to the Ecumenical Temple.
  4046 | D:4      | Reached **** piety under Trog
  4336 | D:2      | Bought a potion of invisibility for 88 gold pieces
  4431 | D:5      | Entered Level 5 of the Dungeon
  4532 | D:5      | Found a sand-covered staircase.
  4539 | Ossuary  | Entered an ossuary
  5356 | D:5      | Reached skill level 10 in Axes
  5577 | D:5      | Identified the +5 plate armour of Firaugyn {rN+ Str+5 Dex-4
                  | Slay+2}
  5815 | D:5      | Noticed a two-headed ogre
  5837 | D:5      | Killed a two-headed ogre
  5838 | D:5      | Reached XP level 9. HP: 50/79 MP: 9/9
  6137 | D:6      | Identified a scroll of acquirement
  6349 | D:6      | Found Owauhuqa's Distillery.
  6352 | D:6      | Bought a potion of heal wounds for 65 gold pieces
  6452 | D:6      | Reached skill level 5 in Armour
  6799 | D:7      | Reached ***** piety under Trog
  6846 | D:7      | Reached XP level 10. HP: 79/88 MP: 10/10
  6978 | D:7      | Reached skill level 1 in Evocations
  7050 | D:7      | Found a glowing silver altar of Zin.
  7469 | D:7      | Found a stormy altar of Qazlal.
  7536 | D:7      | Noticed Pikel
  7650 | D:6      | Killed Pikel
  7941 | D:2      | Bought a potion of mutation for 88 gold pieces
  7941 | D:2      | Bought a potion of ambrosia for 88 gold pieces
  8119 | D:8      | Acquired the amulet "Acehotoz" {+Blink Regen+}
  8121 | D:8      | Acquired a +8 vampiric broad axe
  9067 | D:9      | Found a runed translucent gate.
  9067 | D:9      | Found a runed translucent gate.
  9067 | D:9      | Found a runed translucent gate.
  9067 | D:9      | Noticed barkas's ghost (novice AtCA)
  9069 | D:9      | Found a basalt altar of Yredelemnul.
  9204 | D:9      | Reached XP level 11. HP: 97/97 MP: 11/11
  9398 | D:9      | Found a shadowy altar of Dithmenos.
  9924 | D:10     | Entered Level 10 of the Dungeon
  9963 | D:10     | You fall into a shaft and drop 2 floors!
 10067 | D:12     | Found Qesiebops's Serpentskin Sales.
 10075 | D:12     | Bought 3 curare-tipped darts for 50 gold pieces
 10141 | D:12     | Noticed a cyclops
 10151 | D:12     | Noticed an ogre mage
 10152 | D:12     | Killed a cyclops
 10157 | D:12     | Noticed a centaur warrior
 10201 | D:11     | Noticed a cyclops
 10207 | D:11     | Killed a cyclops
 10208 | D:11     | Reached skill level 10 in Fighting
 10210 | D:11     | Noticed a death yak
 10222 | D:11     | Noticed a death yak
 10223 | D:11     | Killed a death yak
 10224 | D:11     | Reached skill level 5 in Evocations
 10226 | D:11     | Noticed a death yak
 10228 | D:11     | Killed a death yak
 10238 | D:11     | Killed a death yak
 10506 | D:10     | Noticed an orc knight
 10506 | D:10     | Found a broken altar of Ashenzari.
 10528 | D:11     | Killed an orc knight
 10592 | D:10     | Found a staircase to the Orcish Mines.
 10648 | D:10     | Found a flagged portal.
 10693 | D:10     | Found a bloodstained altar of Trog.
 10694 | D:10     | Found a sparkling altar of Nemelex Xobeh.
 10864 | D:10     | Found a sacrificial altar of Ru.
 10866 | D:10     | Found a hazy altar of Hepliaklqana.
 10867 | D:10     | Found a blossoming altar of Fedhas.
 10915 | D:10     | Noticed Grum
 10924 | D:10     | Reached skill level 10 in Armour
 10938 | D:10     | Killed Grum
 11032 | D:10     | Found a broken altar of Ashenzari.
 11249 | D:10     | Noticed a two-headed ogre
 11260 | D:10     | Killed a two-headed ogre
 11261 | D:10     | Reached skill level 1 in Throwing
 12064 | D:2      | Bought a potion of cancellation for 88 gold pieces
 12183 | D:6      | Bought a potion of flight for 39 gold pieces
 12431 | D:11     | Found a staircase to the Lair.
 12586 | D:11     | Received a gift from Trog
 12710 | D:11     | Reached XP level 12. HP: 107/107 MP: 12/12
 13184 | D:11     | Found an ancient bone altar of Kikubaaqudgha.
 13541 | Lair:1   | Entered Level 1 of the Lair of Beasts
 14905 | Lair:2   | Found a basalt altar of Yredelemnul.
 15104 | Lair:2   | Reached skill level 15 in Axes
 15752 | Lair:3   | Found a staircase to the Snake Pit.
 15903 | Lair:3   | Reached XP level 13. HP: 117/117 MP: 13/13
 15919 | Lair:3   | Found a staircase to the Swamp.
 16746 | Lair:4   | Reached skill level 5 in Throwing
 16931 | Lair:4   | Identified the +9 war axe of the Key {drain, SInv}
 17533 | Orc:1    | Entered Level 1 of the Orcish Mines
 17543 | Orc:1    | Reached ****** piety under Trog
 17642 | Orc:1    | Noticed an ettin
 17662 | Orc:1    | Killed an ettin
 17992 | Orc:2    | Entered Level 2 of the Orcish Mines
 18080 | Orc:2    | Found a staircase to the Elven Halls.
 18147 | Orc:2    | Found a roughly hewn altar of Beogh.
 18243 | Orc:2    | Received a gift from Trog
 18373 | Orc:1    | Noticed Harold
 18373 | Orc:1    | Noticed Josephine
 18427 | Orc:2    | Killed Josephine
 18464 | Orc:2    | Killed Harold
 19071 | Orc:2    | Reached XP level 14. HP: 83/127 MP: 14/14
 19286 | Orc:2    | Found Vucevvyu's Magic Scroll Emporium.
 19289 | Orc:2    | Found Qiewn's Magic Scroll Emporium.
 19290 | Orc:2    | Found Zunt's Distillery.
 19291 | Orc:2    | Found Itysekh's Weapon Shoppe.
 19294 | Orc:2    | Bought a potion of might for 64 gold pieces
 19298 | Orc:2    | Bought a scroll of fear for 56 gold pieces
 19302 | Orc:2    | Bought 2 potions of might for 128 gold pieces
 19302 | Orc:2    | Bought 2 potions of curing for 96 gold pieces
 19302 | Orc:2    | Bought 2 potions of curing for 96 gold pieces
 19535 | D:12     | Received a gift from Trog
 19851 | D:12     | Identified the +5 great sword of the Wicked God {freeze,
                  | SInv}
 20017 | D:12     | Identified the +6 broad axe of Callousness {venom, Int-5
                  | Dex+5}
 20308 | D:12     | Reached skill level 5 in Dodging
 20381 | D:13     | Identified the +0 tower shield "Nadgh" {-Cast rElec Will+++
                  | SInv}
 20947 | D:13     | Found a gate to the Vaults.
 21244 | D:14     | Reached XP level 15. HP: 136/136 MP: 15/15
 21579 | D:14     | Received a gift from Trog
 21606 | D:14     | Noticed Rupert
 21617 | D:14     | Killed Rupert
 21943 | D:12     | Bought 3 curare-tipped darts for 50 gold pieces
 21943 | D:12     | Bought 4 curare-tipped darts for 67 gold pieces
 22097 | Lair:5   | Entered Level 5 of the Lair of Beasts
 22127 | Lair:5   | Reached skill level 10 in Evocations
 22199 | Lair:5   | Found a staircase to the Slime Pits.
 22815 | Lair:5   | Received a gift from Trog
 22976 | Lair:5   | Reached skill level 10 in Throwing
 22988 | Lair:5   | Found a corrupted altar of Lugonu.
 22988 | Lair:5   | Found a one-way gate to the infinite horrors of the Abyss.
 23685 | D:13     | Reached XP level 16. HP: 147/147 MP: 16/16
 23723 | D:15     | Entered Level 15 of the Dungeon
 24116 | D:15     | Found Ceucsor's Distillery.
 24122 | D:15     | Bought a potion of heal wounds for 70 gold pieces
 24207 | D:15     | Found a hazy altar of Hepliaklqana.
 24275 | D:15     | Paralysed by an orc sorcerer for 5 turns
 24286 | D:15     | Received a gift from Trog
 24304 | D:15     | Found a staircase to the Depths.
 24869 | Swamp:1  | Entered Level 1 of the Swamp
 24896 | Swamp:1  | Reached XP level 17. HP: 107/154 MP: 17/17
 25128 | Swamp:1  | Reached skill level 10 in Shields
 25222 | Swamp:1  | Paralysed by a fenstrider witch for 5 turns
 25497 | Swamp:1  | Identified the +9 scale mail of Satisfaction {rElec MP+9
                  | Int+5}
 25963 | Swamp:2  | Received a gift from Trog
 27646 | Snake:1  | Entered Level 1 of the Snake Pit
 27833 | Snake:1  | Received a gift from Trog
 27911 | Snake:1  | Reached skill level 15 in Fighting
 27951 | Snake:1  | Found Boev's Magic Scroll Emporium.
 27955 | Snake:1  | Found Soxotweg's Magic Scroll Shoppe.
 27956 | Snake:1  | Found Niam's Distillery.
 27959 | Snake:1  | Bought a scroll of blinking for 82 gold pieces
 27961 | Snake:1  | Bought a scroll of blinking for 127 gold pieces
 27981 | Snake:1  | Found a blossoming altar of Fedhas.
 28017 | Snake:1  | Found an iron altar of Okawaru.
 28401 | Snake:2  | Noticed Mlioglotl
 28415 | Snake:1  | Killed Mlioglotl
 28722 | Snake:2  | Reached XP level 18. HP: 155/163 MP: 18/18
 28831 | Snake:2  | Found Ruat's Antique Armour Shop.
 30179 | Snake:3  | Found a frozen archway.
 30189 | Snake:3  | Received a gift from Trog
 30201 | IceCv    | Entered an ice cave
 30578 | Snake:3  | Acquired the +3 pair of gloves "Jagguyt" {rF- Will+++
                  | Regen+}
 30928 | Snake:3  | Found Danaab's Antique Armour Shop.
 30952 | Snake:3  | Reached skill level 5 in Stealth
 31241 | Snake:4  | Entered Level 4 of the Snake Pit
 31805 | Snake:4  | Received a gift from Trog
 32245 | Snake:4  | Reached skill level 15 in Armour
 32571 | Snake:4  | Reached XP level 19. HP: 170/172 MP: 19/19
 32751 | Snake:4  | Received a gift from Trog
 32799 | Snake:4  | Got a serpentine rune of Zot
 33221 | Snake:3  | Bought a pair of boots for 99 gold pieces
 33385 | Swamp:4  | Entered Level 4 of the Swamp
 33792 | Swamp:4  | Got a decaying rune of Zot
 34029 | Lair:3   | Acquired the +3 tower shield of Ollu {+Blink Int+2}
 34033 | Lair:3   | Acquired a +2 pair of boots of rampaging
 34208 | Vaults:1 | Entered Level 1 of the Vaults
 34226 | Vaults:1 | Received a gift from Trog
 34874 | Vaults:1 | Reached skill level 15 in Shields
 34961 | Vaults:1 | Found Loiwuliwn's Weapon Emporium.
 35266 | Vaults:1 | Paralysed by a sphinx for 3 turns
 35681 | Vaults:2 | Identified the +8 war axe of Earthquakes {flame, Dex+4}
                  | (Trog gifted it to you on level 2 of the Vaults)
 35681 | Vaults:2 | Received a gift from Trog
 35736 | Vaults:2 | Reached XP level 20. HP: 180/180 MP: 20/20
 35977 | Vaults:2 | Paralysed by a great orb of eyes for 3 turns
 36128 | Vaults:2 | Found Wiraym's Assorted Antiques.
 36145 | Vaults:2 | Bought a condenser vane for 1280 gold pieces
 36311 | Vaults:2 | Identified the +8 hand axe of Iderofa {heavy, rElec Stlth+}
                  | (Trog gifted it to you on level 2 of the Vaults)
 36311 | Vaults:2 | Received a gift from Trog
 37079 | Vaults:3 | Received a gift from Trog
 37285 | Vaults:3 | Found a staircase to the Crypt.
 38378 | Vaults:4 | Reached XP level 21. HP: 151/193 MP: 21/21
 38475 | Vaults:4 | Received a gift from Trog
 38769 | Vaults:4 | Received a gift from Trog
 40457 | Depths:1 | Entered Level 1 of the Depths
 40468 | Depths:1 | Identified the +4 ring mail of Wu Jian's Benevolence
                  | {Str+5}
 40469 | Depths:1 | Found an iron altar of Okawaru.
 40570 | Depths:1 | Noticed Nikola
 40578 | Depths:1 | Noticed Aizul
 40582 | Depths:1 | Noticed Mara
 40590 | Depths:1 | Killed Nikola
 40600 | Depths:1 | Noticed juan097's illusion
 40609 | Depths:1 | Killed Aizul
 41172 | D:15     | Killed Mara
 41380 | Depths:1 | Received a gift from Trog
 41552 | Depths:1 | Found a one-way gateway to a ziggurat.
 41779 | Depths:1 | Found a glowing silver altar of Zin.
 41779 | Depths:1 | Found a glowing golden altar of the Shining One.
 41779 | Depths:1 | Found a white marble altar of Elyvilon.
 41839 | Depths:1 | Found a gateway to Hell.
 42561 | Depths:2 | Reached XP level 22. HP: 90/206 MP: 22/22
 42870 | Depths:2 | Found Pufuysusy's Distillery.
 42878 | Depths:2 | Bought a potion of heal wounds for 60 gold pieces
 42878 | Depths:2 | Bought a potion of might for 48 gold pieces
 42878 | Depths:2 | Bought 2 potions of might for 96 gold pieces
 43139 | Depths:2 | Found a one-way gate leading to the halls of Pandemonium.
 43426 | Depths:2 | You fall into a shaft and drop 1 floor!
 43784 | Depths:3 | Received a gift from Trog
 44002 | Depths:3 | Noticed Margery
 44021 | Depths:3 | Killed Margery
 44930 | Depths:4 | Entered Level 4 of the Depths
 45072 | Depths:4 | Noticed a caustic shrike
 45074 | Depths:4 | Noticed a caustic shrike
 45076 | Depths:4 | Noticed a caustic shrike
 45077 | Depths:4 | Noticed a caustic shrike
 45079 | Depths:4 | Noticed a caustic shrike
 45090 | Depths:4 | Killed a caustic shrike
 45090 | Depths:4 | Killed a caustic shrike
 45091 | Depths:4 | Killed a caustic shrike
 45092 | Depths:4 | Killed a caustic shrike
 45092 | Depths:4 | Received a gift from Trog
 45095 | Depths:4 | Killed a caustic shrike
 45133 | Depths:4 | Noticed a golden dragon
 45141 | Depths:4 | Killed a golden dragon
 45903 | Depths:4 | Noticed a caustic shrike
 45906 | Depths:4 | Noticed a caustic shrike
 45907 | Depths:4 | Noticed a caustic shrike
 45908 | Depths:4 | Noticed a caustic shrike
 45914 | Depths:4 | Killed a caustic shrike
 45916 | Depths:4 | Killed a caustic shrike
 45919 | Depths:4 | Killed a caustic shrike
 45919 | Depths:4 | Killed a caustic shrike
 45920 | Depths:4 | Reached skill level 15 in Evocations
 46172 | Depths:4 | Reached XP level 23. HP: 196/218 MP: 23/23
 46837 | Depths:4 | Found Qatimee's Book Emporium.
 46838 | Depths:4 | Found Jonauwny's Jewellery Shop.
 46839 | Depths:4 | Found Lonootwi's Book Emporium.
 46859 | Depths:4 | Bought a ring of positive energy for 440 gold pieces
 46956 | Depths:4 | Found a gate to the Realm of Zot.
 47382 | Vaults:5 | Entered Level 5 of the Vaults
 47431 | Vaults:4 | Received a gift from Trog
 47464 | Vaults:4 | Reached skill level 10 in Dodging
 47663 | Vaults:5 | Noticed an ancient lich
 47677 | Vaults:5 | Identified the ring "Nuse" {AC+4 Int+4}
 47683 | Vaults:5 | Received a gift from Trog
 47684 | Vaults:5 | Killed an ancient lich
 47842 | Vaults:5 | Noticed a dread lich
 47853 | Vaults:5 | Killed a dread lich
 48080 | Vaults:5 | Identified the +1 arbalest of Action {freeze, rElec Int-5
                  | SInv Stlth+}
 48199 | Vaults:5 | Identified the +7 spear of Ravage {drain, rCorr Str+3}
 48234 | Vaults:5 | Reached XP level 24. HP: 200/202 MP: 23/23
 48235 | Vaults:5 | Identified the +9 spear of Kueset {heavy, rElec rC+ MP+9
                  | SInv}
 48242 | Vaults:5 | Identified the ring "Goewnie" {+Blink rF+ rN+ AC+4 Int+4}
 48244 | Vaults:5 | Identified the +1 robe "Huenk" {*Slow rF+ Int+2}
 48449 | Vaults:5 | Identified the +1 scale mail "Okaun" {Harm rF+++ rCorr
                  | Int-4}
 48467 | Vaults:5 | Identified the +7 mace "Musku" {freeze, Dex+3}
 48622 | Vaults:5 | Got a silver rune of Zot
 48623 | Vaults:5 | Identified the +1 chain mail "Qokis Noummo" {+Blink Int+2}
 48848 | Vaults:5 | Received a gift from Trog
 48848 | Vaults:5 | Found the +5 consecrated labrys {holy, Valiant Fragile Fly
                  | SInv}
 48862 | Vaults:5 | Acquired 852 gold pieces
 49375 | Snake:1  | Bought a scroll of enchant armour for 82 gold pieces
 49380 | Snake:1  | Bought a scroll of teleportation for 51 gold pieces
 49380 | Snake:1  | Bought a scroll of fog for 68 gold pieces
 49382 | Snake:1  | Bought 2 potions of heal wounds for 140 gold pieces
 49382 | Snake:1  | Bought a potion of heal wounds for 70 gold pieces
 49382 | Snake:1  | Bought a potion of heal wounds for 70 gold pieces
 49568 | Orc:2    | Bought a scroll of enchant armour for 112 gold pieces
 49574 | Orc:2    | Bought a scroll of enchant armour for 105 gold pieces
 49649 | Elf:1    | Entered Level 1 of the Elven Halls
 50060 | Elf:1    | Noticed Frances
 50072 | Elf:1    | Killed Frances
 50111 | Elf:1    | Received a gift from Trog
 50888 | Elf:2    | Found a runed translucent gate.
 50888 | Elf:2    | Found a runed translucent gate.
 50890 | Elf:2    | Found a runed translucent gate.
 51037 | Elf:2    | Acquired a manual of Stealth
 51112 | Elf:3    | Entered Level 3 of the Elven Halls
 51126 | Elf:3    | Found Puagunle's Distillery.
 51133 | Elf:3    | Bought 2 potions of heal wounds for 120 gold pieces
 51133 | Elf:3    | Bought a potion of resistance for 120 gold pieces
 51158 | Elf:3    | Received a gift from Trog
 51169 | Elf:3    | Noticed Bai Suzhen
 51195 | Elf:3    | Killed Bai Suzhen
 51959 | Elf:3    | Identified the +5 long sword "Adanlootz" {flame, Will-
                  | Str+3}
 51974 | Elf:3    | Identified the +7 dagger "Ipnoxkucw" {freeze, rElec}
 52071 | Elf:3    | Identified the +1 quarterstaff "Pelo" {heavy, Fragile rC++
                  | rN++}
 52071 | Elf:3    | Identified the ring "Fegosas" {Drain rC++ rCorr Str+5}
 52083 | Elf:3    | Identified the +11 dagger "Nuojim" {vamp, rElec Str+3}
 52123 | Elf:3    | Identified the +2 broad axe "Wokkojedek" {protect, Str+2}
 52127 | Elf:3    | Received a gift from Trog
 52151 | Elf:3    | Identified the +0 robe of Narcissism {Dex+3 Slay+2}
 52152 | Elf:3    | Identified the +1 fire dragon scales "Kathimp" {Fly rF++
                  | rC- Str+6}
 52387 | Elf:3    | Got Qeutten's Treatise on the Chill and Wildfire
 52515 | Elf:1    | Got the Precepts of Adjuration
 52657 | Elf:2    | Reached XP level 25. HP: 245/245 MP: 23/23
 53227 | Zot:1    | Entered Level 1 of the Realm of Zot
 53953 | Zot:1    | You fall into a shaft and drop 1 floor!
 53979 | Zot:2    | Received a gift from Trog
 54328 | Zot:2    | Found a corrupted altar of Lugonu.
 54756 | Zot:1    | Reached skill level 10 in Stealth
 54846 | Zot:1    | Reached skill level 15 in Throwing
 54998 | Zot:1    | Identified the ring of Xom's Entertainment {rCorr Str+3
                  | Dex-2 SInv}
 55373 | Zot:2    | Noticed a Killer Klown
 55432 | Zot:2    | Killed a Killer Klown
 55449 | Zot:2    | Identified the +8 war axe "Jempaint" {flame, Dex+3} (Trog
                  | gifted it to you on level 2 of the Realm of Zot)
 55449 | Zot:2    | Received a gift from Trog
 55950 | Zot:2    | Found the +4 dragonskin cloak
 55950 | Zot:2    | Noticed Tiamat
 55983 | Zot:2    | Killed Tiamat
 56378 | Zot:2    | Reached XP level 26. HP: 258/258 MP: 23/23
 56866 | Zot:3    | Received a gift from Trog
 57449 | Zot:3    | Identified the +1 robe "Remuce" {rC+}
 57514 | Zot:3    | Acquired 754 gold pieces
 57516 | Zot:3    | Acquired the +3 Mad Mage's Maulers {Infuse+∞ VampMP -Cast}
 57516 | Zot:3    | Found the +3 Mad Mage's Maulers {Infuse+∞ VampMP -Cast}
 58003 | Zot:4    | Received a gift from Trog
 59349 | Zot:4    | Identified the +2 lajatang of Xaojas {venom, rN+ Will+}
 59368 | Zot:4    | Identified the +8 scimitar of Nupadil {heavy, rPois rN++
                  | Int-4 Stlth+}
 59985 | Zot:5    | Entered Level 5 of the Realm of Zot
 60003 | Zot:5    | Found a runed translucent gate.
 60004 | Zot:5    | Found a runed translucent gate.
 60010 | Zot:5    | Found a runed translucent gate.
 60011 | Zot:5    | Noticed Benajun's ghost (veteran OgBe)
 60205 | Zot:5    | Noticed a Killer Klown
 60251 | Zot:5    | Killed a Killer Klown
 60805 | Zot:5    | Received a gift from Trog
 60806 | Zot:5    | Reached XP level 27. HP: 267/267 MP: 7/23
 61538 | Zot:5    | Killed Benajun's ghost
 61587 | Zot:5    | Identified the +0 helmet of Lethargy {+Inv rElec Will-
                  | Str+5}
 62017 | Zot:5    | Noticed an orb of fire
 62023 | Zot:5    | Gained mutation: Your body sometimes deteriorates upon
                  | taking damage. [an orb of fire]
 62034 | Zot:5    | Gained mutation: Armour fits poorly on your strangely
                  | shaped body. [an orb of fire]
 62038 | Zot:5    | Gained mutation: You sometimes lose your temper in combat.
                  | [an orb of fire]
 62039 | Zot:5    | Gained mutation: Your magical capacity is low. (-10% MP)
                  | [an orb of fire]
 62040 | Zot:5    | Gained mutation: You occasionally lose the ability to drink
                  | potions when taking damage. [an orb of fire]
 62043 | Zot:5    | Killed an orb of fire
 62243 | Zot:5    | Noticed an orb of fire
 62251 | Zot:5    | Gained mutation: You are frail. (-10% HP) [an orb of fire]
 62261 | Zot:5    | Killed an orb of fire
 62628 | Zot:5    | Noticed an orb of fire
 62646 | Zot:5    | Killed an orb of fire
 62726 | Zot:5    | Received a gift from Trog
 62867 | Zot:5    | Noticed an ancient lich
 62875 | Zot:5    | Killed an ancient lich
 63468 | Slime:1  | Entered Level 1 of the Pits of Slime
 63496 | Slime:2  | Noticed Dissolution
 63590 | Slime:1  | Killed Dissolution
 64033 | Slime:3  | You fall into a shaft and drop 1 floor!
 64068 | Slime:3  | Gained mutation: You are very frail. (-20% HP) [a shining
                  | eye]
 64433 | Slime:5  | Entered Level 5 of the Pits of Slime
 64875 | Slime:5  | Upgraded the game from 0.30-a0-800-g7c544603b3 to
                  | 0.30-a0-802-gb92711bcdf
 65276 | Slime:5  | Found a viscous altar of Jiyva.
 65276 | Slime:5  | Noticed the Royal Jelly
 65286 | Slime:5  | Killed the Royal Jelly
 65298 | Slime:5  | Received a gift from Trog
 65353 | Slime:5  | Got a slimy rune of Zot
 65367 | Slime:5  | Got the Guide on the Scorched Gestalt
 65393 | Slime:5  | Identified the +1 robe of Greed {Harm rCorr}
 65404 | Slime:5  | Got the Compendium of Blasting and Spelunking
 65906 | Lair:1   | Lost mutation: Your body sometimes deteriorates upon taking
                  | damage. [potion of mutation]
 65906 | Lair:1   | Lost mutation: You are very frail. (-20% HP) [potion of
                  | mutation]
 65906 | Lair:1   | Gained mutation: You have a beak for a mouth. [potion of
                  | mutation]
 65907 | Lair:1   | Lost mutation: You occasionally lose the ability to drink
                  | potions when taking damage. [potion of mutation]
 65907 | Lair:1   | Lost mutation: You are frail. (-10% HP) [potion of
                  | mutation]
 65907 | Lair:1   | Gained mutation: You passively map a small area around you.
                  | [potion of mutation]
 65907 | Lair:1   | Gained mutation: You expend magic power (3 MP) to
                  | strengthen your wands. [potion of mutation]
 66499 | Depths:3 | Voluntarily entered the Abyss.
 66737 | Abyss:1  | Found a corrupted altar of Lugonu.
 66744 | Abyss:1  | Found a corrupted altar of Lugonu.
 66744 | Abyss:1  | Found a corrupted altar of Lugonu.
 66764 | Abyss:1  | Found a corrupted altar of Lugonu.
 67336 | Abyss:2  | Found a corrupted altar of Lugonu.
 67629 | Abyss:2  | Found a corrupted altar of Lugonu.
 67641 | Abyss:2  | Found a corrupted altar of Lugonu.
 67644 | Abyss:2  | Received a gift from Trog
 67654 | Abyss:2  | Found a corrupted altar of Lugonu.
 67797 | Abyss:3  | Found a corrupted altar of Lugonu.
 67853 | Abyss:3  | Found a corrupted altar of Lugonu.
 67853 | Abyss:3  | Found a corrupted altar of Lugonu.
 67976 | Abyss:3  | Found a corrupted altar of Lugonu.
 67977 | Abyss:3  | Found a corrupted altar of Lugonu.
 67983 | Abyss:3  | Got an abyssal rune of Zot
 68046 | Depths:3 | Escaped the Abyss
 68302 | D:15     | Bought a potion of mutation for 112 gold pieces
 68302 | D:15     | Lost mutation: Armour fits poorly on your strangely shaped
                  | body. [potion of mutation]
 68302 | D:15     | Lost mutation: You sometimes lose your temper in combat.
                  | [potion of mutation]
 68302 | D:15     | Gained mutation: You are frail. (-10% HP) [potion of
                  | mutation]
 68302 | D:15     | Lost mutation: Your magical capacity is low. (-10% MP)
                  | [potion of mutation]
 68302 | D:15     | Gained mutation: Your flesh is cold resistant. (rC+)
                  | [potion of mutation]
 68546 | Vaults:2 | Bought a potion of mutation for 256 gold pieces
 68546 | Vaults:2 | Lost mutation: You are frail. (-10% HP) [potion of
                  | mutation]
 68546 | Vaults:2 | Lost mutation: Your flesh is cold resistant. (rC+) [potion
                  | of mutation]
 68546 | Vaults:2 | Lost mutation: You passively map a small area around you.
                  | [potion of mutation]
 68546 | Vaults:2 | Gained mutation: Your body sometimes deteriorates upon
                  | taking damage. [potion of mutation]
 68848 | Vaults:4 | Got the Anthology of Incandescence
 69357 | Snake:1  | Bought a potion of mutation for 112 gold pieces
 69357 | Snake:1  | Bought a potion of curing for 42 gold pieces
 69357 | Snake:1  | Bought a potion of attraction for 42 gold pieces
 70226 | D:15     | Bought a potion of lignification for 42 gold pieces
 70226 | D:15     | Bought a potion of attraction for 42 gold pieces
 70226 | D:15     | Bought a potion of attraction for 42 gold pieces
 70226 | D:15     | Bought a potion of degeneration for 14 gold pieces
 70481 | Depths:2 | Bought a potion of curing for 36 gold pieces
 70481 | Depths:2 | Bought a potion of lignification for 36 gold pieces
 70605 | Depths:3 | Lost mutation: Your body sometimes deteriorates upon taking
                  | damage. [potion of mutation]
 70605 | Depths:3 | Lost mutation: You expend magic power (3 MP) to strengthen
                  | your wands. [potion of mutation]
 70605 | Depths:3 | Lost mutation: You have a beak for a mouth. [potion of
                  | mutation]
 70605 | Depths:3 | Gained mutation: Your skin changes colour to match your
                  | surroundings (Stealth+). [potion of mutation]
 70717 | Zig:1    | Entered Level 1 of a ziggurat
 70850 | Zig:2    | Entered Level 2 of a ziggurat
 70998 | Zig:3    | Entered Level 3 of a ziggurat
 71004 | Zig:3    | Reached skill level 27 in Fighting
 71127 | Zig:4    | Entered Level 4 of a ziggurat
 71129 | Zig:4    | Found the +2 ratskin cloak {*Rats rPois rN+ Str-1 Int-1
                  | Dex+1}
 71137 | Zig:4    | Received a gift from Trog
 71246 | Zig:5    | Entered Level 5 of a ziggurat
 71369 | Zig:5    | Identified the ring "Picliem" {rPois MP+9 SInv}
 71383 | Zig:6    | Entered Level 6 of a ziggurat
 71388 | Zig:6    | Noticed a dread lich
 71406 | Zig:6    | Killed a dread lich
 71458 | Zig:7    | Entered Level 7 of a ziggurat
 71550 | Zig:7    | Paralysed by an air elemental for 1 turns
 71688 | Zig:8    | Entered Level 8 of a ziggurat
 71694 | Zig:8    | Noticed a royal mummy
 71699 | Zig:8    | Noticed a royal mummy
 71712 | Zig:8    | Killed a royal mummy
 71731 | Zig:8    | Killed a royal mummy
 72058 | Zig:8    | Identified the amulet "Atsu" {Spirit *Slow rPois Str+3
                  | Dex+7}
 72084 | Zig:9    | Entered Level 9 of a ziggurat
 72101 | Zig:9    | Noticed Xojis the pandemonium lord
 72101 | Zig:9    | Gained mutation: You sometimes lose your temper in combat.
                  | [a neqoxec]
 72141 | Zig:9    | Killed Xojis the pandemonium lord
 72275 | Zig:9    | Identified the +4 morningstar "Naleqett" {heavy, *Noise Fly
                  | rC+}
 72291 | Zig:10   | Entered Level 10 of a ziggurat
 72303 | Zig:10   | Noticed Lifimacka the pandemonium lord
 72316 | Zig:10   | Received a gift from Trog
 72325 | Zig:10   | Noticed Vuskac the pandemonium lord
 72329 | Zig:10   | Paralysed by you for 4 turns
 72336 | Zig:10   | Killed Lifimacka the pandemonium lord
 72369 | Zig:10   | Killed Vuskac the pandemonium lord
 72596 | Zig:10   | Identified the +1 executioner's axe of Sin {freeze, Int+7
                  | Dex-4}
 72642 | Zig:11   | Entered Level 11 of a ziggurat
 72648 | Zig:11   | Noticed an ancient lich
 72676 | Zig:11   | Killed an ancient lich
 72888 | Zig:11   | Identified the ring "Anwo Durr" {rPois rC+ Will++ rCorr
                  | Int-3}
 72894 | Zig:11   | Identified the +1 storm dragon scales of Uskayaw's
                  | Indignation {rElec Will- Dex+4}
 72923 | Zig:12   | Entered Level 12 of a ziggurat
 72945 | Zig:12   | Paralysed by a floating eye for 2 turns
 73149 | Zig:12   | Identified the amulet "Ipeamel" {Reflect rPois Dex+8 SH+5}
 73161 | Zig:12   | Identified the ring of the Princeling {rC+ Dex+3}
 73180 | Zig:12   | Identified the +1 chain mail of Resilience {Fly rPois rF-
                  | Dex-4}
 73204 | Zig:13   | Entered Level 13 of a ziggurat
 73217 | Zig:13   | Noticed Beexui the pandemonium lord
 73217 | Zig:13   | Noticed Vavoexul the pandemonium lord
 73240 | Zig:13   | Killed Vavoexul the pandemonium lord
 73244 | Zig:13   | Killed Beexui the pandemonium lord
 73265 | Zig:13   | Received a gift from Trog
 73404 | Zig:13   | Found the +8 whip "Snakebite" {venom, curare, rPois}
 73415 | Zig:13   | Identified the +0 chain mail of Stoicism {Dex+4 SInv}
 73430 | Zig:14   | Entered Level 14 of a ziggurat
 73649 | Zig:14   | Identified the +4 short sword "Badgh" {heavy, rF+}
 73691 | Zig:14   | Got the Book of the Hazy Xenotype
 73697 | Zig:15   | Entered Level 15 of a ziggurat
 73914 | Zig:15   | Identified the +2 scimitar of the Heavens {elec, rElec rC-
                  | MP+9}
 73922 | Zig:15   | Identified the ring of Compulsion {Ice +Blink rPois rN+
                  | Int-5}
 73946 | Zig:16   | Entered Level 16 of a ziggurat
 73982 | Zig:16   | Found the +8 frozen axe "Frostbite" {freeze, freezing
                  | cloud, *Noise Fly rC+}
 73987 | Zig:16   | Received a gift from Trog
 74133 | Zig:16   | Identified the +0 shortbow of Xips {freeze, +Blink rF+ rC+
                  | SInv}
 74138 | Zig:16   | Identified the +7 arbalest of Checks and Balances {speed,
                  | rElec rCorr Str+3 Dex-2}
 74139 | Zig:16   | Identified the +0 pair of gloves of the Wilderness {+Blink}
 74174 | Zig:17   | Entered Level 17 of a ziggurat
 74193 | Zig:17   | Noticed Gawileji the pandemonium lord
 74193 | Zig:17   | Noticed Dafumon the pandemonium lord
 74193 | Zig:17   | Noticed Looriaco the pandemonium lord
 74193 | Zig:17   | Noticed Surool the pandemonium lord
 74208 | Zig:17   | Noticed Jeluitol the pandemonium lord
 74222 | Zig:17   | a Killer Klown changed into a juggernaut
 74222 | Zig:17   | Noticed a juggernaut
 74224 | Zig:17   | Killed Surool the pandemonium lord
 74226 | Zig:17   | Killed Dafumon the pandemonium lord
 74227 | Zig:17   | Killed Gawileji the pandemonium lord
 74230 | Zig:17   | Killed Looriaco the pandemonium lord
 74231 | Zig:17   | Killed a juggernaut
 74239 | Zig:17   | Noticed Wovo the pandemonium lord
 74245 | Zig:17   | Received a gift from Trog
 74250 | Zig:17   | Killed Jeluitol the pandemonium lord
 74275 | Zig:17   | Killed Wovo the pandemonium lord
 74652 | Zig:17   | Identified the +12 bardiche "Zoeggil" {vamp, rC+ rN+}
 74657 | Zig:17   | Identified the +7 glaive "Usolaef" {speed, rN+ Str+4}
 74689 | Zig:18   | Entered Level 18 of a ziggurat
 74710 | Zig:18   | Noticed Vefoud the pandemonium lord
 74723 | Zig:18   | Killed Vefoud the pandemonium lord
 74747 | Zig:18   | Gained mutation: You occasionally shout uncontrollably at
                  | your foes. [a cacodemon]
 74783 | Zig:18   | Found the ring of the Tortoise {AC+8}
 74789 | Depths:1 | Lost mutation: You occasionally shout uncontrollably at
                  | your foes. [potion of mutation]
 74789 | Depths:1 | Lost mutation: You sometimes lose your temper in combat.
                  | [potion of mutation]
 74789 | Depths:1 | Lost mutation: Your skin changes colour to match your
                  | surroundings (Stealth+). [potion of mutation]
 74789 | Depths:1 | Gained mutation: Your muscles are strong. (Str +4, Int/Dex
                  | -1) [potion of mutation]
 74789 | Depths:1 | Gained mutation: You are somewhat resistant to further
                  | mutation. [potion of mutation]
 75824 | Elf:3    | Bought 2 potions of lignification for 72 gold pieces
 75824 | Elf:3    | Bought a potion of might for 48 gold pieces
 75824 | Elf:3    | Bought a potion of invisibility for 96 gold pieces
 75824 | Elf:3    | Bought a potion of magic for 96 gold pieces
 75824 | Elf:3    | Bought a potion of brilliance for 48 gold pieces
 75824 | Elf:3    | Bought a potion of flight for 36 gold pieces
 76092 | D:2      | Bought 2 potions of lignification for 66 gold pieces
 76092 | D:2      | Bought a potion of curing for 33 gold pieces
 76092 | D:2      | Bought a potion of mutation for 88 gold pieces
 76092 | D:2      | Bought a potion of magic for 88 gold pieces
 76211 | D:6      | Bought a potion of haste for 130 gold pieces
 76211 | D:6      | Bought a potion of degeneration for 13 gold pieces
 76211 | D:6      | Bought a potion of mutation for 104 gold pieces
 76211 | D:6      | Bought a potion of curing for 39 gold pieces
 76211 | D:6      | Bought a potion of cancellation for 104 gold pieces
 76395 | Orc:2    | Bought a potion of mutation for 128 gold pieces
 76395 | Orc:2    | Bought a potion of attraction for 48 gold pieces
 76395 | Orc:2    | Bought a potion of attraction for 48 gold pieces
 76395 | Orc:2    | Bought a potion of degeneration for 16 gold pieces
 76397 | Orc:2    | Bought a scroll of fog for 60 gold pieces
 76397 | Orc:2    | Bought a scroll of teleportation for 45 gold pieces
 77713 | D:7      | Fell from the grace of Trog
 77713 | D:7      | Became a worshipper of Zin the Law-Giver
 77713 | D:7      | Reached * piety under Zin
 77713 | D:7      | Reached ** piety under Zin
 77954 | Depths:1 | Donated 2028 gold pieces to Zin
 77969 | Depths:1 | Reached *** piety under Zin
 78068 | D:12     | Reached **** piety under Zin
 78235 | Snake:1  | Reached ***** piety under Zin
 78420 | D:7      | Learned a level 1 spell: Apportation
 78423 | D:7      | Learned a level 2 spell: Blink
 78427 | D:7      | Learned a level 3 spell: Vhi's Electric Charge
 79034 | Zot:3    | Learned a level 3 spell: Swiftness
 79039 | Zot:3    | Learned a level 4 spell: Manifold Assault
 79408 | Crypt:1  | Entered Level 1 of the Crypt
 80202 | Crypt:2  | Reached ****** piety under Zin
 81564 | Crypt:2  | Reached skill level 5 in Translocations
 81723 | Crypt:3  | Entered Level 3 of the Crypt
 82088 | Crypt:2  | Found a basalt altar of Yredelemnul.
 82126 | Crypt:3  | Found a staircase to the Tomb.
 82537 | Crypt:3  | Noticed an ancient lich
 82537 | Crypt:3  | Noticed a dread lich
 82568 | Crypt:3  | Killed an ancient lich
 82573 | Crypt:3  | Killed a dread lich
 82579 | Crypt:3  | Noticed a dread lich
 82579 | Crypt:3  | Noticed an ancient lich
 82581 | Crypt:3  | Identified the amulet "Epriotz" {rElec Will+++ Regen+ Dex-4
                  | Stlth-}
 82587 | Crypt:3  | Killed a dread lich
 82591 | Crypt:3  | Killed an ancient lich
 82602 | Crypt:3  | Identified the ring of the Illusory Knives {Fire rPois
                  | Str-4 Dex+8 SInv}
 82604 | Crypt:3  | Identified the +10 hand axe of Hefin {venom, rElec rF+ MP+9
                  | Stlth+}
 83316 | Hell     | Entered the Vestibule of Hell
 83316 | Hell     | Noticed Geryon
 83319 | Abyss:3  | Cast into level 3 of the Abyss (hell knight)
 83327 | Hell     | Escaped the Abyss
 83327 | Hell     | Noticed Murray
 83348 | Depths:4 | Killed Murray
 83679 | Hell     | Killed Geryon
 83699 | Hell     | Reached skill level 15 in Invocations
 83743 | Hell     | Reached skill level 5 in Air Magic
 83748 | Hell     | Found a gateway to the freezing wastes of Cocytus.
 83842 | Hell     | Found a gateway to the Iron City of Dis.
 83962 | Hell     | Found a gateway to the ashen valley of Gehenna.
 84048 | Hell     | Found a gateway to the decaying netherworld of Tartarus.
 84182 | Pan      | Entered Pandemonium
 84182 | Pan      | Noticed Ucluew the pandemonium lord
 84190 | Pan      | Killed Ucluew the pandemonium lord
 84191 | Pan      | Reached skill level 5 in Spellcasting
 84343 | Pan      | Found an exit through the horrors of the Abyss.
 84896 | Depths:4 | Escaped Pandemonium
 84973 | Pan      | Entered Pandemonium
 85147 | Pan      | Noticed Zeitwu Gunosk the pandemonium lord
 85162 | Pan      | Killed Zeitwu Gunosk the pandemonium lord
 85753 | Pan      | Found a transporter.
 86038 | Pan      | Found a transporter.
 86504 | Pan      | Identified the +0 ring mail "Haolof" {Int+4}
 87019 | Pan      | Was forgiven by Trog
 87030 | Pan      | Gained mutation: Your body sometimes deteriorates upon
                  | taking damage. [mutagenic glow]
 87096 | Pan      | Identified the ring "Wijiu" {Fire rPois rCorr Int+2 Dex-3}
 87112 | Pan      | Identified the ring "Itzuimn" {EV+5 Stlth+}
 87521 | Pan      | Acquired 604 gold pieces
 87669 | Pan      | Noticed Ydirhufa the pandemonium lord
 87695 | Pan      | Killed Ydirhufa the pandemonium lord
 88381 | Pan      | Reached skill level 10 in Translocations
 88495 | Pan      | Found a huge runed translucent gate.
 88498 | Pan      | Found a huge runed translucent gate.
 88499 | Pan      | Found a huge runed translucent gate.
 88966 | Pan      | Found a huge runed translucent gate.
 88966 | Pan      | Found a huge runed translucent gate.
 88966 | Pan      | Found a huge runed translucent gate.
 89008 | Pan      | Found a huge runed translucent gate.
 89101 | Pan      | Noticed Qeywkin the pandemonium lord
 89256 | Pan      | Killed Qeywkin the pandemonium lord
 89519 | Pan      | Found a transporter.
 89879 | Pan      | Found a transporter.
 90558 | Pan      | Identified the amulet of Sorghuta {Reflect rC+ SH+5}
 90576 | Pan      | Identified the ring "Napoxt" {Will+ rCorr AC+4 Int+4
                  | Stlth+}
 90594 | Pan      | Identified the +0 leather armour "Losan" {Fly rElec rN+}
 90747 | Pan      | Noticed Mennas
 90755 | Pan      | Killed Mennas
 90909 | Pan      | Noticed Quozxopp the pandemonium lord
 90924 | Pan      | Killed Quozxopp the pandemonium lord
 90969 | Pan      | Entered the realm of Cerebov.
 91206 | Pan      | Identified the +7 sling "Foosmir" {drain, rC+ Stlth+}
 91890 | Pan      | Found the +6 sword of Cerebov {flame}
 91890 | Pan      | Noticed Cerebov
 91893 | Pan      | Got the Omnibus of Changes and Profane Rites
 91919 | Pan      | Killed Cerebov
 91977 | Pan      | Got a fiery rune of Zot
 92056 | Pan      | Entered the realm of Gloorx Vloq.
 92084 | Pan      | Reached skill level 10 in Air Magic
 92400 | Pan      | Reached skill level 10 in Spellcasting
 92470 | Pan      | Noticed Gloorx Vloq
 92484 | Pan      | Killed Gloorx Vloq
 92619 | Pan      | Got a dark rune of Zot
 92780 | Pan      | Noticed Oded the pandemonium lord
 92798 | Pan      | HP: 13/271 [Oded the pandemonium lord (6)]
 93043 | Pan      | Identified the +5 spear "Quprivoy" {flame, Int+4 Dex+7
                  | Stlth-}
 93103 | Pan      | Killed Oded the pandemonium lord
 93180 | Pan      | Entered the realm of Lom Lobon.
 93352 | Pan      | Identified the +1 plate armour "Ettetzoq" {rC- Str+5}
 93415 | Pan      | Noticed Lom Lobon
 93436 | Pan      | Killed Lom Lobon
 93443 | Pan      | Got a magical rune of Zot
 93613 | Pan      | Entered the realm of Mnoleg.
 93660 | Pan      | Paralysed by a floating eye for 2 turns
 93709 | Pan      | Noticed Mnoleg
 93734 | Pan      | Killed Mnoleg
 93766 | Pan      | Identified the +0 scale mail of the Lonely Runes {Harm
                  | Rampage rN+ Dex-3}
 93793 | Pan      | Got a glowing rune of Zot
 93820 | Pan      | Got the Volume of Wounds
 93848 | Pan      | Found an exit through the horrors of the Abyss.
 94202 | Pan      | Noticed Vezer the pandemonium lord
 94205 | Pan      | Killed Vezer the pandemonium lord
 94624 | Pan      | Found a runed translucent door.
 94641 | Pan      | Found a runed translucent door.
 94642 | Pan      | Noticed Winweic the pandemonium lord
 94644 | Pan      | Found a runed translucent door.
 94665 | Pan      | Killed Winweic the pandemonium lord
 94672 | Pan      | Found a runed translucent door.
 94676 | Pan      | Got a demonic rune of Zot
 94682 | Pan      | Identified the amulet "Zihaid" {RegenMP rF+++ rN+ Str-2
                  | Stlth-}
 95316 | Pan      | Found a white marble altar of Elyvilon.
 96280 | Pan      | Found a glowing silver altar of Zin.
 96525 | Pan      | Identified the +7 dire flail "Lykad" {heavy, rN+ Str+3}
 96793 | Pan      | Noticed a seraph
 96812 | Pan      | Killed a seraph
 96823 | Pan      | Found a glowing golden altar of the Shining One.
 96918 | Pan      | Identified the +9 broad axe "Ithof" {freeze, rElec rC-
                  | Will+ Stlth+}
 97368 | Pan      | Reached skill level 15 in Air Magic
 97802 | Depths:4 | Escaped Pandemonium
 97887 | Coc:1    | Entered Level 1 of Cocytus
 97896 | Coc:1    | Paralysed by a wendigo for 1 turns
 98030 | Coc:1    | Paralysed by a wendigo for 1 turns
 98189 | Coc:2    | Noticed an ancient lich
 98195 | Coc:2    | Killed an ancient lich
 98230 | Coc:3    | Paralysed by a wendigo for 1 turns
 99435 | Tar:1    | Entered Level 1 of Tartarus
100397 | Tar:6    | Noticed a dread lich
100397 | Tar:6    | Noticed a dread lich
100397 | Tar:6    | Noticed an ancient lich
100397 | Tar:6    | Noticed an ancient lich
100412 | Hell     | Killed a dread lich
100754 | Hell     | Killed a dread lich
100758 | Hell     | Killed an ancient lich
101038 | Hell     | Killed an ancient lich
101415 | Depths:4 | Voluntarily entered the Abyss.
101704 | Abyss:3  | Found a corrupted altar of Lugonu.
101795 | Abyss:3  | Found a bloodstained altar of Trog.
101830 | Abyss:3  | Found a corrupted altar of Lugonu.
101890 | Abyss:3  | Found a sacrificial altar of Ru.
102099 | Abyss:3  | Found a corrupted altar of Lugonu.
102104 | Depths:4 | Escaped the Abyss
102705 | Tar:7    | Entered Level 7 of Tartarus
103516 | Tar:7    | Reached skill level 15 in Stealth
104181 | Tar:7    | Reached skill level 15 in Translocations
104181 | Tar:7    | Found the +7 great mace "Firestarter" {flame, inner flame,
                  | rFlCloud rF++}
104239 | Tar:7    | Identified the +1 long sword "Zoiqori" {antimagic, Str+4
                  | Stlth+}
104330 | Tar:7    | Identified the +1 halberd of Amortisation {freeze, rC++}
104352 | Tar:7    | Identified the +6 hand axe "Qackor" {freeze, Will+ Dex+3}
105541 | Tar:7    | Got the Omnibus of the Tincture and Glaciation
105649 | Tar:7    | Noticed Ereshkigal
106070 | Tar:7    | Killed Ereshkigal
106115 | Tar:7    | Got a bone rune of Zot
106580 | Tar:7    | Found the macabre finger necklace {Finger+ rN+}
108108 | Coc:6    | Paralysed by a wendigo for 1 turns
108114 | Coc:6    | Paralysed by a wendigo for 1 turns
108206 | Coc:7    | Entered Level 7 of Cocytus
108225 | Coc:7    | Paralysed by a wendigo for 1 turns
108229 | Coc:7    | Paralysed by a wendigo for 1 turns
108818 | Coc:7    | Reached skill level 27 in Invocations
108883 | Coc:7    | Paralysed by a wendigo for 1 turns
109101 | Coc:7    | Noticed Antaeus
109124 | Coc:7    | Killed Antaeus
109134 | Coc:7    | Got an icy rune of Zot
109875 | Coc:7    | Identified the +1 plate armour of Dice, Bag, and Bottle
                  | {Int+5 Stlth+}
110115 | Geh:1    | Entered Level 1 of Gehenna
110146 | Geh:1    | Reached skill level 27 in Shields
111626 | Geh:7    | Entered Level 7 of Gehenna
112499 | Geh:7    | Identified the +0 pair of boots "Itzodain" {Stlth+}
112826 | Geh:7    | Got Xesk's Tome of Left-Handed Acts
112872 | Geh:7    | Found the +7 sceptre of Asmodeus
112872 | Geh:7    | Noticed Asmodeus
112896 | Geh:7    | Killed Asmodeus
112952 | Geh:7    | Identified the ring of Jiedech {Str+6 Int+3}
112955 | Geh:7    | Got the Compilation of Asceticism
112988 | Geh:7    | Reached skill level 15 in Dodging
112996 | Geh:7    | Identified the +3 plate armour "Riogucvugi" {Rampage}
113005 | Geh:7    | Identified the +5 chain mail "Feew" {Harm Fly rC- Regen+}
113039 | Geh:7    | Got the Compilation of the Xenotype
113059 | Geh:7    | Got an obsidian rune of Zot
113071 | Geh:7    | Got the Handbook of Force
113078 | Geh:7    | Learned a level 4 spell: Passage of Golubria
113332 | Depths:4 | Bought a manual of Axes for 1360 gold pieces
113433 | Dis:1    | Entered Level 1 of the Iron City of Dis
113613 | Dis:1    | You are sucked into a shaft and drop 1 floor!
114551 | Dis:5    | Reached skill level 27 in Axes
114923 | Dis:7    | Entered Level 7 of the Iron City of Dis
115684 | Dis:7    | Noticed a juggernaut
115696 | Dis:7    | Killed a juggernaut
115763 | Dis:7    | Identified the +1 hand axe of Propriety {venom, Drain
                  | Will++ Dex+5}
115764 | Dis:7    | Identified the +9 spear of Certain Death {flame, rPois
                  | Int-2 Dex+8}
116960 | Dis:7    | Noticed the Serpent of Hell
116984 | Dis:7    | Killed the Serpent of Hell
117315 | Dis:7    | Found the +4 staff of Dispater
117315 | Dis:7    | Noticed Dispater
117321 | Dis:7    | Noticed a juggernaut
117345 | Dis:7    | Killed a juggernaut
117347 | Dis:7    | Killed Dispater
117481 | Dis:7    | Identified the ring of Ushroapn {rPois MP+9 Str+3}
117488 | Dis:7    | Identified the +6 scale mail of Irumeli {*Corrode +Inv
                  | rPois rN+++}
117498 | Dis:7    | Got an iron rune of Zot
118494 | Tomb:1   | Entered Level 1 of the Tomb of the Ancients
119112 | Tomb:1   | Noticed a royal mummy
119130 | Tomb:1   | Killed a royal mummy
119765 | Tomb:2   | Noticed a royal mummy
119765 | Tomb:2   | Noticed a royal mummy
119765 | Tomb:2   | Noticed a royal mummy
119766 | Tomb:2   | Noticed a royal mummy
119767 | Tomb:2   | Noticed a royal mummy
119935 | Tomb:2   | Killed a royal mummy
119942 | Tomb:2   | Killed a royal mummy
119944 | Tomb:2   | Killed a royal mummy
119947 | Tomb:2   | Killed a royal mummy
119951 | Tomb:2   | Killed a royal mummy
120016 | Tomb:2   | Learned a level 5 spell: Silence
120199 | Tomb:2   | Reached skill level 1 in Hexes
120557 | Tomb:1   | Noticed a royal mummy
120557 | Tomb:1   | Noticed a royal mummy
120557 | Tomb:1   | Noticed a royal mummy
120559 | Tomb:1   | Noticed a royal mummy
120563 | Tomb:1   | Killed a royal mummy
120564 | Tomb:1   | Noticed a royal mummy
120568 | Tomb:1   | Killed a royal mummy
120569 | Tomb:1   | Reached skill level 5 in Hexes
120572 | Tomb:1   | Killed a royal mummy
120573 | Tomb:1   | Killed a royal mummy
120575 | Tomb:1   | Killed a royal mummy
120601 | Tomb:1   | Noticed a royal mummy
120609 | Tomb:1   | Killed a royal mummy
120652 | Tomb:1   | Noticed a royal mummy
120657 | Tomb:1   | Killed a royal mummy
120721 | Tomb:1   | Noticed a royal mummy
120732 | Tomb:1   | Killed a royal mummy
120768 | Tomb:1   | Noticed a royal mummy
120770 | Tomb:1   | Noticed a royal mummy
120774 | Tomb:1   | Killed a royal mummy
120775 | Tomb:1   | Noticed a royal mummy
120776 | Tomb:1   | Noticed a royal mummy
120779 | Tomb:1   | Noticed a royal mummy
120779 | Tomb:1   | Noticed a royal mummy
120781 | Tomb:1   | Noticed a royal mummy
120783 | Tomb:1   | Killed a royal mummy
120784 | Tomb:1   | Noticed a royal mummy
120785 | Tomb:1   | Killed a royal mummy
120785 | Tomb:1   | Noticed a royal mummy
120787 | Tomb:1   | Killed a royal mummy
120790 | Tomb:1   | Killed a royal mummy
120793 | Tomb:1   | HP: 10/273 [poisoned by an ushabti (dark miasma)]
120797 | Tomb:1   | Noticed a royal mummy
121090 | Tomb:1   | Killed a royal mummy
121168 | Tomb:1   | Killed a royal mummy
121422 | Tomb:1   | Killed a royal mummy
121519 | Tomb:1   | Killed a royal mummy
121520 | Tomb:1   | Reached skill level 10 in Hexes
121769 | Tomb:1   | Killed a royal mummy
121917 | Tomb:2   | Paralysed by a Zot trap for 2 turns
122359 | Tomb:3   | Entered Level 3 of the Tomb of the Ancients
122406 | Tomb:3   | Noticed a royal mummy
122433 | Tomb:3   | Noticed a royal mummy
122447 | Tomb:3   | Killed a royal mummy
122470 | Tomb:3   | Killed a royal mummy
122524 | Tomb:3   | Noticed a royal mummy
122529 | Tomb:3   | Killed a royal mummy
122556 | Tomb:3   | Noticed a royal mummy
122561 | Tomb:3   | Killed a royal mummy
122771 | Tomb:3   | Noticed a royal mummy
122772 | Tomb:3   | Noticed a royal mummy
122773 | Tomb:3   | Noticed a royal mummy
122775 | Tomb:3   | Killed a royal mummy
122778 | Tomb:3   | Reached skill level 15 in Hexes
122919 | Tomb:3   | Noticed a royal mummy
122922 | Tomb:3   | Noticed a royal mummy
122928 | Tomb:3   | Killed a royal mummy
122932 | Tomb:3   | Killed a royal mummy
122941 | Tomb:3   | Killed a royal mummy
122945 | Tomb:3   | Killed a royal mummy
123144 | Tomb:3   | Found the +4 Cigotuvi's embrace {Corpsefed rMiasma Drain
                  | rN+}
123293 | Tomb:3   | Identified the ring "Ifaeca" {rPois rF+ Int-3 Dex+7 Slay+3}
123443 | Tomb:3   | Identified the +10 spear of Dismay {flame, rC+}
123448 | Tomb:3   | Identified the +2 robe of Moad {rElec}
123567 | Tomb:3   | Got Sif Muna's Writings on Doomed Hexes
123572 | Tomb:3   | Identified the +2 mace of Impeachment {vamp, rF+++ rN+
                  | Str-2 Stlth+}
123593 | Tomb:3   | Identified the +5 scimitar "Oniug" {flame, rN+ rCorr Str+2}
123601 | Tomb:3   | Identified the +7 shortbow of the Harvest {heavy, Drain
                  | rElec rPois MP-9}
123617 | Tomb:3   | Identified the +1 scale mail "Meimus" {Fly rF++ Will-
                  | Slay+4}
123689 | Tomb:3   | Got a golden rune of Zot
124406 | Zot:5    | Got the Orb of Zot
124448 | Zot:5    | Noticed Caeceoz the pandemonium lord
124448 | Zot:5    | Noticed an ancient lich
124457 | Zot:5    | Killed an ancient lich
124458 | Zot:5    | Killed Caeceoz the pandemonium lord
124887 | D:9      | Killed barkas's ghost
125021 | Temple   | Entered the Ecumenical Temple
125021 | Temple   | Found a transporter.
125021 | Temple   | Found a transporter.
125023 | Temple   | Found a transporter.
125023 | Temple   | Found a transporter.
125024 | Temple   | Noticed Enesk the pandemonium lord
125044 | Temple   | Killed Enesk the pandemonium lord
125070 | Temple   | Noticed Vonaguw the pandemonium lord
125080 | Temple   | Noticed Qalipp the pandemonium lord
125090 | Temple   | Killed Qalipp the pandemonium lord
125109 | Temple   | Killed Vonaguw the pandemonium lord
125285 | D:$      | Escaped with the Orb!

Illustrated notes

Levels and vault maps discovered:
D:1:      kennysheep_arrival_forest, layout_rooms
D:2:      layout_basic, serial_shops, shop_statue, nicolae_grassy_gnolls,
          uniq_jessica
D:3:      layout_loops_corners, uniq_grinder
D:4:      layout_gridville, temple_pool_b, gup_sewer_entry_pipe,
          minmay_misc_feat_columns
D:5:      cheibrodos_barr_body, layout_basic,
          lightli_ossuary_entry_decrepit_ruins
D:6:      layout_rooms, serial_shops, nicolae_shop_behind_doors,
          grunt_decor_mini_mirrors
D:7:      layout_cave_pods, lemuel_crystal_altar, mainiacjoe_overflow_brackets,
          grunt_ministairs_15, uniq_pikel
D:8:      layout_loops_ring, grunt_decor_cap
D:9:      layout_loops_ring, nicolae_yredelemnul_ghost_church,
          mainiacjoe_overflow_surrounded_room
D:10:     layout_grid_maze, grunt_temple_overflow_open, orc_david_3,
          enter_bailey_5, hangedman_feature_mirror, uniq_grum
D:11:     wander_kiku_kobolds, layout_loops_corners, dpeg_lair_monsters
D:12:     minmay_cut_squares, layout_basic, guppyfry_shop_venom
D:13:     minmay_ambush_box, layout_cave_pools, ximxim_vaults_locker_room
D:14:     layout_basic, corexii_corridor_pit, uniq_rupert
D:15:     grunt_enter_depths_magical_seal, layout_basic, serial_shops,
          nicolae_shop_trees, nicolae_hepliaklqana_hazy_memory
Temple:   hellmonk_temple_divided_pantheon
Lair:1:   layout_cave_pods
Lair:2:   layout_big_grid, basic_altar, serial_bayou_shore_b,
          lemuel_fruit_fields, grunt_megastairs_5
Lair:3:   layout_long_grid, swamp_mist, guppyfry_snake_entry_island
Lair:4:   layout_cave_pods, lookout_lair_type, beast_lair_carwin_4
Lair:5:   hellmonk_lair_end_abyssal_woods, layout_concentric_octagons,
          slime_entry_1, infiniplex_staircase_pool_2, grunt_megastairs_1
Swamp:1:  layout_falls_marsh, serial_swamp_ruin, evilmike_swamp_ruin_house_1,
          hangedman_swamp_ruin_hall, infiniplex_staircase_pool
Swamp:2:  layout_basic_swamp, evilmike_swamp_ruin_house_2, swamp_pool5,
          nicolae_swamp_spooky_pond
Swamp:3:  layout_basic_swamp, nicolae_swamp_orc_logging_accident
Swamp:4:  swamp_basic_johnstein, layout_basic_swamp
Snake:1:  layout_grid_shapes, hangedman_feature_mirror, minmay_shop_star,
          serial_bayou_shore_b
Snake:2:  cheibrodos_snake_ritualist_ritual, layout_layer_cave, serial_shops,
          nicolae_diamond_shop, uniq_mlioglotl
Snake:3:  layout_basic, serial_shops, shop_fountains,
          portal_ice_cave_entry_pillars_four, nicolae_snake_gridmaze_zigzag
Snake:4:  snake_pit_salamanders_mu, layout_cave_town
Slime:1:  layout_caves
Slime:2:  layout_caves, dissolution_awaits
Slime:3:  layout_caves, uniq_dissolution
Slime:4:  layout_caves
Slime:5
Orc:1:    layout_caves, uniq_harold, uniq_josephine
Orc:2:    st_orc_pillars, layout_diamond_mine, basic_altar
Elf:1:    elf_arrival_002, layout_geoelf_grid, minmay_elf_demonology,
          uniq_frances
Elf:2:    elven_hall_of_blades_hangedman_original
          [nicolae_blade_entry_floor_patterns], layout_gridlike,
          serial_sigils_hangedman_scratch, dreamdust_princess_corridor,
          small_chamber_with_monster
Elf:3:    elf_hall, layout_geoelf_octagon, serial_shops,
          nicolae_shop_temple_entry_statues_fountains, uniq_bai_suzhen
Vaults:1: v_misc_5, hangedman_vaults_stitches, vaults_dpeg_doors,
          nicolae_vaults_bisected_slash, ontoclasm_vaults_ligature,
          hangedman_vaults_capsules, vaults_dpeg_cross, vaults_mumra_hex,
          nicolae_vaults_hallways_thing, vaults_mumra_lcd,
          layout_vaults_big_room, serial_shops, shop
Vaults:2: hangedman_vaults_cutoff, v_rooms_3, dpeg_vaults_monster_box,
          vaults_mumra_minichess_inversion, grunt_vaults_twisty,
          nicolae_vaults_twisting_passages, vaults_room_pools, v_misc_8,
          ontoclasm_vaults_ring_square, v_misc_16, layout_vaults_maze_bifur,
          serial_shops, nicolae_shop_overgrown_old_shop
Vaults:3: vaults_standard_mumra_enter_the_diamond, v_misc_4,
          hangedman_vaults_stream, v_misc_26, vaults_dpeg_diagonal,
          nicolae_vaults_rhombus_5, v_misc_13, layout_vaults_omnigrid,
          dummy_crypt_entry
Vaults:4: st_check, nicolae_vaults_network_periphery, v_misc_33, v_misc_4,
          v_pattern_1, vaults_room_large_hall, nicolae_vaults_little_squares_2,
          grunt_vaults_diagonal, ontoclasm_vaults_pinch,
          nicolae_vaults_sealed_display, nicolae_vaults_triangles,
          layout_vaults_ring, serial_glass
Vaults:5
Crypt:1:  layout_chaotic_city, grunt_megastairs_3
Crypt:2:  layout_catacombs, lemuel_upstairs_altar, grunt_megastairs_4
Crypt:3:  david_glass_crypt, layout_misc_corridors
Tomb:1
Tomb:2
Tomb:3
Depths:1: minmay_the_grid_net [minmay_the_grid_rooms, minmay_the_grid_slots,
          minmay_the_grid_diamond_grid, minmay_the_grid_minigrid_small,
          minmay_the_grid_outer_diamond, minmay_the_grid_prize_diamond_cup],
          layout_cave_pools, enter_ziggurat_a, good_gods_mini_temple,
          hell_entry, hangedman_decor_push, lemuel_statue_altar,
          kennysheep_small_spiral, minmay_misc_feat_enclosed,
          okawaru_ov_weapons_minmay, uniq_nikola, uniq_aizul, uniq_mara
Depths:2: minmay_outward_triangles, layout_gridlike, pf_hell_entry_great_geh,
          pan_entry, serial_shops, nicolae_diamond_shop
Depths:3: minmay_octagon_keep, layout_basic, chequers_serial_rivers_marsh,
          pan_entry, abyss_entry, grunt_metal_band, uniq_josephina
Depths:4: grunt_zot_entry_pinwheel, layout_basic, abyss_entry, hell_entry,
          rand_demon_pan_entry_9, nicolae_triple_integral, minmay_shop_grove
Hell
Dis:1:    layout_subdivisions
Dis:2:    layout_gridville, nicolae_dis_spooky_hallway
Dis:3:    layout_subdivisions
Dis:4:    layout_subdivisions
Dis:5:    layout_subdivisions, hangedman_dis_chains
Dis:6:    layout_overlapping_boxes
Dis:7:    dis_st
Geh:1:    layout_gehenna_pools_basic, nicolae_geh_lavax
Geh:2:    layout_gehenna_pools_box
Geh:3:    layout_gehenna_lava_caves, nicolae_geh_gnashing_of_teeth
Geh:4:    layout_gehenna_pools_triple
Geh:5:    layout_gehenna_pools_box
Geh:6:    layout_gehenna_pools_triple
Geh:7:    geh_mu
Coc:1:    layout_cocytus_water_paths
Coc:2:    layout_ice_bergs
Coc:3:    layout_cocytus_delve
Coc:4:    layout_ice_bergs
Coc:5:    layout_cocytus_water_paths
Coc:6:    layout_cocytus_water_paths
Coc:7:    coc_dpeg
Tar:1:    layout_grid_maze, nicolae_tar_grid_combs
Tar:2:    layout_grid_maze
Tar:3:    layout_grid_maze, nicolae_hells_seeping_fissure
Tar:4:    nicolae_tar_honey_stairs, layout_cathedral_of_symmetry
Tar:5:    layout_cathedral_of_symmetry
Tar:6:    layout_honeycomb, nicolae_tar_liches_on_tour
Tar:7:    tar_mu [tar_mu_maze]
Zot:1:    kennysheep_room_grid, layout_onion
Zot:2:    hangedman_orp_of_zott, layout_misc_corridors, uniq_tiamat
Zot:3:    layout_misc_corridors
Zot:4:    layout_misc_corridors, st_large_dragon_hoard_4
Zot:5:    layout_gridlike, gammafunk_ghost_split, drop_trap

Skill      XL: |  1  2  3  4  5  6  7  8  9 10 11 12 13 14 15 16 17 18 19 20 21 22 23 24 25 26 27 |
---------------+----------------------------------------------------------------------------------+-----
Fighting       | 4 5 6 7 8 9 10 11 12 13 14 15 16 17 20 21 24 25 27 | 27.0
Stealth        | 1 2 3 4 6 7 12 14 16 | 16.0
Axes           | 5 6 7 8 10 12 13 14 15 16 17 18 19 27 | 27.0
Ranged Weapons | 1 2 4 |  4.0
Dodging        | 2 3 4 5 6 8 9 10 18 | 18.0
Armour         | 3 6 7 10 11 12 13 14 15 16 18 19 20 25 | 25.7
Evocations     | 4 6 7 8 9 10 11 12 14 15 16 22 | 22.9
Throwing       | 1 4 6 7 10 12 13 14 16 18 25 | 25.0
Shields        | 6 8 13 14 16 18 19 21 27 | 27.0
Invocations    | 27 | 27.0
Spellcasting   | 10 | 10.0
Translocations | 17 | 17.0
Air Magic      | 17 | 17.0
Hexes          | 18 | 18.3

Action                     |  1- 3 |  4- 6 |  7- 9 | 10-12 | 13-15 | 16-18 | 19-21 | 22-24 | 25-27 || total
---------------------------+-------+-------+-------+-------+-------+-------+-------+-------+-------++-------
  Melee: Hand axe          |    49 |    38 |       |    43 |       |       |       |       |       ||   130
         War axe           |       |    60 |   346 |    40 |    16 |     7 |   188 |    24 |       ||   681
         Punch             |       |     1 |     5 |    12 |     7 |       |       |       |       ||    25
         Broad axe         |       |       |       |   427 |   803 |  1067 |  1299 |  1260 |  2423 ||  7279
         Labrys            |       |       |       |       |       |       |       |       |  6298 ||  6298
         Peck              |       |       |       |       |       |       |       |       |   102 ||   102
   Fire: Sling             |    43 |    56 |   123 |   181 |    51 |       |       |       |       ||   454
  Throw: Dart              |       |       |    15 |    10 |    93 |     7 |     4 |     4 |       ||   133
         Javelin           |       |       |       |       |     9 |       |       |     3 |    94 ||   106
         Boomerang         |       |       |       |       |     3 |   100 |    59 |    58 |   631 ||   851
         Throwing net      |       |       |       |       |     1 |       |       |       |       ||     1
   Cast: Vhi's Electric Ch |       |       |       |       |       |       |       |       |    87 ||    87
         Apportation       |       |       |       |       |       |       |       |       |    30 ||    30
         Manifold Assault  |       |       |       |       |       |       |       |       |    13 ||    13
 Invoke: Berserk           |     1 |     3 |     5 |     4 |     3 |     3 |     3 |     1 |     1 ||    24
         Trog's Hand       |       |     2 |     1 |     2 |     2 |     8 |    11 |     8 |    12 ||    46
         Brothers in Arms  |       |       |       |       |       |     2 |     3 |       |     2 ||     7
         Recite            |       |       |       |       |       |       |       |       |   116 ||   116
         Vitalisation      |       |       |       |       |       |       |       |       |    36 ||    36
         Sanctuary         |       |       |       |       |       |       |       |       |     5 ||     5
         Donate Gold       |       |       |       |       |       |       |       |       |     1 ||     1
Ability: Evoke Blink       |       |       |       |       |     1 |       |       |       |    22 ||    23
  Evoke: Wand              |       |       |       |       |     7 |    35 |     9 |     6 |    93 ||   150
         Tin of tremorston |       |       |       |       |       |     2 |     2 |     4 |    11 ||    19
         Phantom mirror    |       |       |       |       |       |     1 |       |       |     7 ||     8
         Condenser vane    |       |       |       |       |       |       |     2 |     5 |     4 ||    11
         Phial of floods   |       |       |       |       |       |       |     1 |     1 |     1 ||     3
         Lightning rod     |       |       |       |       |       |       |       |     4 |       ||     4
    Use: Scroll            |       |       |     9 |    10 |     4 |     8 |    11 |    10 |    71 ||   123
         Potion            |       |       |       |     5 |     1 |     2 |     5 |     4 |    69 ||    86
   Stab: Sleeping          |       |       |     2 |       |       |       |     3 |     1 |       ||     6
         Invisible         |       |       |       |     1 |       |       |     4 |     1 |    50 ||    56
         Petrified         |       |       |       |       |     2 |       |       |       |     2 ||     4
         Paralysed         |       |       |       |       |     1 |       |       |       |     3 ||     4
         Held in net/web   |       |       |       |       |     1 |       |       |       |       ||     1
         Confused          |       |       |       |       |       |     2 |       |       |    82 ||    84
         Distracted        |       |       |       |       |       |     1 |     1 |       |    10 ||    12
 Armour: Animal skin       |     2 |       |       |       |       |       |       |       |       ||     2
         Ring mail         |    26 |    28 |    63 |       |       |       |       |       |       ||   117
         Plate armour      |       |       |    72 |   291 |   500 |    95 |       |       |       ||   958
         Scale mail        |       |       |       |       |       |   407 |   754 |   115 |       ||  1276
         Gold dragon scale |       |       |       |       |       |       |       |   590 |  3284 ||  3874
         Skin              |       |       |       |       |       |       |       |       |    68 ||    68
  Dodge: Dodged            |    53 |    65 |   164 |   216 |   316 |   354 |   514 |   279 |  2179 ||  4140
  Block: Kite shield       |       |       |       |       |       |   506 |   177 |       |       ||   683
         Tower shield      |       |       |       |       |       |       |  1159 |  1154 |  9380 || 11693
         Reflection        |       |       |       |       |       |       |       |    39 |   198 ||   237

Table legend: (Time is in decaauts)
 A = Elapsed time spent in this place.
 B = Non-inter-level travel time spent in this place.
 C = Inter-level travel time spent in this place.
 D = Time resting spent in this place.
 E = Time spent auto-exploring this place.
 F = Levels seen in this place.
 G = Mean time per level.
                   A        B        C        D        E       F      G
               +--------+--------+--------+--------+--------+-----+--------+
         Total | 123397 | 103063 |  20334 |   4928 |  68003 | 134 |  920.9 |
       Dungeon |  21756 |  15513 |   6243 |   1096 |  10396 |  15 | 1450.4 |
        Temple |     95 |     86 |      9 |      0 |     42 |   1 |   95.0 |
          Lair |   6854 |   5181 |   1673 |    147 |   3849 |   5 | 1370.8 |
         Swamp |   3816 |   3144 |    672 |      6 |   2271 |   4 |  954.0 |
     Snake Pit |   5690 |   4733 |    957 |     55 |   3274 |   4 | 1422.5 |
    Slime Pits |   2315 |   2193 |    122 |    388 |   1193 |   5 |  463.0 |
  Orcish Mines |   2442 |   1715 |    727 |     22 |   1051 |   2 | 1221.0 |
   Elven Halls |   3389 |   3023 |    366 |     10 |   2082 |   3 | 1129.7 |
        Vaults |   9113 |   6867 |   2246 |    142 |   4972 |   5 | 1822.6 |
         Crypt |   3608 |   3114 |    494 |      0 |   2461 |   3 | 1202.7 |
          Tomb |   5338 |   4449 |    889 |    486 |   2569 |   3 | 1779.3 |
        Depths |   8701 |   6445 |   2256 |    690 |   4143 |   4 | 2175.2 |
          Hell |   2090 |   1799 |    291 |    757 |    690 |   1 | 2090.0 |
           Dis |   3860 |   3779 |     81 |     11 |   2457 |   7 |  551.4 |
       Gehenna |   2956 |   2697 |    259 |     35 |   1560 |   7 |  422.3 |
       Cocytus |   3229 |   2691 |    538 |    202 |   1395 |   7 |  461.3 |
      Tartarus |   6088 |   5268 |    820 |    166 |   3750 |   7 |  869.7 |
           Zot |  10969 |   9284 |   1685 |    357 |   6701 |   5 | 2193.8 |
         Abyss |   2193 |   2193 |      0 |     13 |   1204 |   5 |  438.6 |
   Pandemonium |  12924 |  12924 |      0 |     39 |   8259 |  20 |  646.2 |
      Ziggurat |   3996 |   3996 |      0 |      0 |   2868 |  18 |  222.0 |
         Sewer |   1137 |   1137 |      0 |    176 |    477 |   1 | 1137.0 |
       Ossuary |    467 |    467 |      0 |      0 |    328 |   1 |  467.0 |
      Ice Cave |    361 |    361 |      0 |    126 |      5 |   1 |  361.0 |
               +--------+--------+--------+--------+--------+-----+--------+

Top non-repeatable levels by time:
   Tar:7: 4157 daAuts
Depths:4: 3338 daAuts
   Zot:5: 3187 daAuts
  Tomb:1: 2904 daAuts
    D:15: 2816 daAuts
   Dis:7: 2642 daAuts
    D:11: 2557 daAuts
   Zot:4: 2480 daAuts
Vaults:4: 2396 daAuts
    Hell: 2090 daAuts
Vaults:2: 2038 daAuts
   Zot:1: 1988 daAuts
Depths:2: 1965 daAuts
 Snake:2: 1901 daAuts
    D:10: 1771 daAuts
